 Dungeon Crawl Stone Soup version 0.31-a0-640-g39d97e502b (webtiles) character file.

Game seed: 17839115766506378934

566655 qw the Conqueror (level 26, -15/193 HPs)
             Began as a Gargoyle Hunter on Aug 27, 2023.
             Was a High Priest of Okawaru.
             Demolished by an Orb Guardian (43 damage)
             ... on level 5 of the Realm of Zot.
             The game lasted 00:46:06 (65041 turns).

qw the Conqueror (Gargoyle Hunter)                 Turns: 65041, Time: 00:46:07

Health: -15/193    AC: 43    Str: 16    XL:     26   Next: 82%
Magic:  28/31      EV: 50    Int: 21    God:    Okawaru [*****.]
Gold:   3862       SH:  0    Dex: 39    Spells: 25/25 levels left

rFire   + . .        E - +5 triple crossbow
rCold   + . .        (shield currently unavailable)
rNeg    + . .        F - +7 faerie dragon scales {rElec Will+ rCorr Int+4 Clar}
rPois   inf          a - +1 hat of Imperfection {Dex+4}
rElec   +            j - +1 cloak of Existentialism {rPois Int+3 Dex+3}
rCorr   +            n - +0 pair of gloves "Hoqu" {Contam Regen+ Dex+3}
SInv    +            e - +2 pair of boots
Will    ++...        o - amulet of faith
Stlth   ++++         x - ring of Asissair {Contam rElec rPois Int+6 Dex+8}
HPRegen 1.32/turn    y - ring of Ignis's Outrage {rF+ rC+ Int-5 Dex+2 SInv}
MPRegen 0.22/turn

%: clarity, faith
@: about to teleport, heroic, finesse-ful, marked, corroded, flying
A: sickness immunity, AC +20, big wings, negative energy resistance 1,
electricity resistance, torment resistance 1, petrification resistance, horns 1,
iridescent scales 1, clumsy 1
}: 3/15 runes: decaying, serpentine, silver
a: Renounce Religion, Heroism, Finesse, Duel


You were on level 5 of the Realm of Zot.
You worshipped Okawaru.
Okawaru was extremely pleased with you.
You visited 9 branches of the dungeon, and saw 45 of its levels.
You also visited: Gauntlet.

You collected 6369 gold pieces.
You spent 2507 gold pieces at shops.


Innate Abilities, Weirdness & Mutations

You are immune to sickness and miasma.
Your stone body is resilient. (AC +20)
You are immune to poison.
Your large and strong wings let you fly.
You resist negative energy. (rN+)
You are resistant to electric shocks. (rElec)
You are resistant to unholy torment.
You are immune to petrification.
You have a pair of small horns on your head.
You are partially covered in iridescent scales. (AC +2)
You are clumsy. (Dex -2)


   Skills:
 O Level 27 Fighting
 - Level 22.0(27) Ranged Weapons
 + Level 18.5(23.5) Armour
 - Level 22.0(27) Dodging
 - Level 1.1(6.1) Stealth
 - Level 11.5 Invocations


You had 25 spell levels left.
You didn't know any spells.
Your spell library was empty.

Inventory:

Hand Weapons
 E - a +5 triple crossbow (weapon)
Armour
 a - the +1 hat of Imperfection (worn) {Dex+4}
   (Okawaru gifted it to you on level 12 of the Dungeon)

   Dex+4:     It affects your dexterity (+4).
 b - the +4 ring mail of the Six Blessings {rF+ MP-9 Int+3}
   (You found it on level 4 of the Dungeon)

   Int+3:     It affects your intelligence (+3).
   rF+:       It protects you from fire.
   MP-9:      It affects your magic capacity (-9).
 e - a +2 pair of boots (worn)
 j - the +1 cloak of Existentialism (worn) {rPois Int+3 Dex+3}
   (You found it on level 5 of the Vaults)

   Int+3:     It affects your intelligence (+3).
   Dex+3:     It affects your dexterity (+3).
   rPois:     It protects you from poison
 n - the +0 pair of gloves "Hoqu" (worn) {Contam Regen+ Dex+3}
   (Okawaru gifted it to you on level 5 of the Lair of Beasts)

   Dex+3:     It affects your dexterity (+3).
   Contam:    It causes magical contamination when unequipped.
   Regen+:    It increases your rate of health regeneration.
 q - the +0 hat of Marbles {Dex+3 SInv}
   (Okawaru gifted it to you on level 1 of the Realm of Zot)

   Dex+3:     It affects your dexterity (+3).
   SInv:      It lets you see invisible.
 r - the +0 mask of the Dragon {Will+ Slay+3 SInv}
   (You found it in a Gauntlet)

   Slay+3:    It affects your accuracy & damage with ranged weapons and melee
   (+3).
   Will+:     It increases your willpower.
   SInv:      It lets you see invisible.
 C - the +0 hat of Kindness {rPois rF+ rC-}
   (Okawaru gifted it to you on level 4 of the Swamp)

   rF+:       It protects you from fire.
   rC-:       It makes you vulnerable to cold.
   rPois:     It protects you from poison
 F - the +7 faerie dragon scales (worn) {rElec Will+ rCorr Int+4 Clar}
   (You took it off the Enchantress on level 4 of the Depths)

   Int+4:     It affects your intelligence (+4).
   rElec:     It insulates you from electricity.
   Will+:     It increases your willpower.
   Clar:      It protects you from confusion, rage, mesmerisation and fear.
   rCorr:     It protects you from acid and corrosion.
Jewellery
 d - the amulet of the Komtur {Spirit Harm +Blink Str-3 Int+2 Dex+5}
   (You took it off a deep elf knight on level 13 of the Dungeon)

   [amulet of guardian spirit]

   Spirit:    It causes incoming damage to be divided between your reserves of
   health and magic.
   Str-3:     It affects your strength (-3).
   Int+2:     It affects your intelligence (+2).
   Dex+5:     It affects your dexterity (+5).
   +Blink:    It lets you blink.
   Harm:      It increases damage dealt and taken.
 o - an amulet of faith (around neck)
 v - the amulet of Summertime {Reflect Str+4 SH+5}
   (You found it on level 13 of the Dungeon)

   [amulet of reflection]

   Reflect:   It reflects blocked missile attacks.
   Str+4:     It affects your strength (+4).
   SH+5:      It affects your SH (+5).
 x - the ring of Asissair (left hand) {Contam rElec rPois Int+6 Dex+8}
   (You found it on level 13 of the Dungeon)

   [ring of intelligence]

   Int+6:     It affects your intelligence (+6).
   Dex+8:     It affects your dexterity (+8).
   rElec:     It insulates you from electricity.
   rPois:     It protects you from poison Contam: It causes magical
   contamination when unequipped.
 y - the ring of Ignis's Outrage (right hand) {rF+ rC+ Int-5 Dex+2 SInv}
   (You bought it in a shop on level 1 of the Snake Pit)

   [ring of protection from fire]

   Int-5:     It affects your intelligence (-5).
   Dex+2:     It affects your dexterity (+2).
   rF+:       It protects you from fire.
   rC+:       It protects you from cold.
   SInv:      It lets you see invisible.
 Y - a +6 ring of dexterity
Wands
 i - a wand of digging (4)
Scrolls
 k - 32 scrolls of identify
 u - 9 scrolls of teleportation
 z - 4 scrolls of enchant armour
Potions
 c - 10 potions of might
 f - 6 potions of resistance
 g - 13 potions of enlightenment
 h - 10 potions of haste
 l - 6 potions of mutation
 m - 4 potions of magic
 p - 10 potions of curing
 A - a potion of cancellation

Dungeon Overview and Level Annotations

Branches:
Dungeon (15/15)            Temple (1/1) D:5            Lair (5/5) D:8
  Swamp (4/4) Lair:2        Snake (4/4) Lair:2        Slime (0/5) Lair:4
    Orc (2/2) D:12            Elf (0/3) Orc:2        Vaults (5/5) D:14
  Crypt (0/3) Vaults:3     Depths (4/4) D:15            Zot (5/5) Depths:4
Gauntlet (visited)

Altars:
Ashenzari
Cheibriados
Dithmenos
Elyvilon
Fedhas
Gozag
Hepliaklqana
Kikubaaqudgha
Makhleb
Nemelex Xobeh
Okawaru
Qazlal
Ru
Sif Muna
Trog
Uskayaw
Vehumet
Wu Jian
Xom
Yredelemnul
Zin
The Shining One
Jiyva

Shops:
D:13 *[((   Orc:1 (   Orc:2 [(**   Snake:1 !(*=   Snake:2 :[[   Vaults:1 =

Portals:
Hell: Depths:1 Depths:2 Depths:3 Depths:4
Abyss: Depths:2 Depths:3
Pandemonium: Depths:2 Depths:4
Ziggurat: Depths:1

Annotations:
D:5 2 transporters, qw's ghost, novice GrHu
D:13 2 runed translucent doors
Swamp:2 1 runed translucent door, Zoigrime's ghost, adept FoFi
Orc:2 1 runed translucent door, qw's ghost, journeyman GrFi
Vaults:4 2 transporters, qw's ghost, adept GrFi
Depths:3 6 runed translucent doors
Zot:1 3 runed translucent doors, Muataran's ghost, veteran MiMo; qw's ghost, veteran GrFi
Zot:3 exclusions: 4 draconian annihilators and yellow draconian


Message History

The Orb Guardian misses you.
The yellow draconian annihilator casts a spell.
The yellow draconian annihilator blinks!
65037 ||| READING 10 scrolls of teleportation.
As you read the scroll of teleportation, it crumbles to dust.
You feel strangely unstable.
You feel the Orb delaying your translocation!
The Orb Guardian misses you. The red draconian closely misses you.
The Orb Guardian completely misses you. The Orb Guardian closely misses you.
The Orb Guardian hits you but does no damage.
The red draconian completely misses you.
65038 ||| DRINKING 2 potions of heal wounds.
You feel much better.
The Orb Guardian completely misses you. x3; The Orb Guardian misses you.
The red draconian completely misses you.
The Orb Guardian completely misses you.
The yellow draconian annihilator mumbles some strange words.
The yellow draconian annihilator blinks!
The Orb Guardian completely misses you. x2
65039 ||| DRINKING potion of heal wounds.
You feel much better. The Orb Guardian hits you!
The red draconian completely misses you.
The Killer Klown skips for a moment.
The electric golem blinks!
The Orb Guardian completely misses you. x3
The red draconian barely misses you.
You shoot a bolt. The bolt hits the red draconian!!
The red draconian is lightly wounded.
The storm dragon rages.
The moth of wrath goads the Orb Guardian on!
The Orb Guardian goes berserk!
The moth of wrath goads the Orb Guardian on!
The Orb Guardian goes berserk!
The electric golem blinks!
The Orb Guardian completely misses you. x2; The Orb Guardian hits you!!
You shoot a bolt. The bolt hits the red draconian!!
The red draconian is heavily wounded.
The storm dragon rages.
The red draconian completely misses you.
The Orb Guardian hits you!!!
You die...

.............## #.).....).....
...............## ##.....)..)...
................## #............
..........9...q¤.# ##...........
.................# #...........
.................# ##...........
.......¤.).....y¤# #............
.....^¤.......dXX# ##............
.......¤....p¤DX@###.............
..............dd###...###########
.......[......)##....##
..^...)....[^...[..###
#.....############## .......
..d..9.. ......... ..........


You could see a Killer Klown, an electric golem, a storm dragon (berserk), a
purple draconian, 2 draconians, 3 Orb Guardians, a yellow draconian annihilator
and a moth of wrath.

Vanquished Creatures
  A dread lich (Vaults:5)
  2 ancient liches (Vaults:5)
  4 orbs of fire (Zot:5)
  Bai Suzhen (Vaults:3)
  8 Killer Klowns (Zot:5)
  Vv (Depths:2)
  Frederick (Depths:4)
  Xtahua (Vaults:5)
  Jory (Vaults:4)
  5 curse toes (Zot:2)
  4 golden dragons
  the Enchantress (Depths:4)
  2 doom hounds (Depths:3)
  5 electric golems
  Rupert (D:15)
  21 tentacled monstrosities
  21 Orb Guardians (Zot:5)
  A walking earthen tome (Depths:3)
  6 quicksilver dragons
  Grunn (Depths:3)
  2 liches
  5 sphinxes
  A titan (Vaults:5)
  13 death cobs
  An ancient champion (Depths:2)
  3 thorn hunters
  Aizul (Swamp:2)
  8 shadow dragons
  7 tengu reavers
  6 draconian knights
  10 storm dragons
  7 draconian monks
  4 nagarajas
  Donald (Orc:2)
  5 fire giants
  6 frost giants
  An iron dragon (shapeshifter) (Vaults:5)
  6 draconian scorchers
  14 vault wardens
  7 draconian shifters
  A deep elf sorcerer (Vaults:5)
  A balrug (Depths:2)
  3 iron dragons
  A ghost moth (Zot:5)
  7 draconian stormcallers
  3 orc warlords
  8 draconian annihilators
  A formless jellyfish (Vaults:3)
  21 very ugly things
  3 war gargoyles
  15 stone giants
  18 ironbound preservers
  3 spriggan defenders (Depths:4)
  3 vampire knights
  8 ironbound thunderhulks
  8 yellow draconians
  A deep elf demonologist (Vaults:5)
  10 black draconians
  13 green draconians
  A minotaur (Gauntlet)
  9 purple draconians
  A deep elf annihilator (Vaults:5)
  7 white draconians
  7 red draconians
  4 dire elephants
  4 spark wasps
  3 bunyips
  An ettin (shapeshifter) (Vaults:5)
  A deep elf death mage (Vaults:5)
  8 ettins
  10 fire dragons
  A crystal guardian (Vaults:2)
  A merfolk impaler (Depths:1)
  2 shambling mangroves
  2 jiangshi (Depths:3)
  8 great orbs of eyes
  31 vault guards
  3 ghost crabs (Swamp:2)
  3 rakshasas (Depths:1)
  19 yaktaur captains
  An anaconda (shapeshifter) (Depths:3)
  28 hydras
  3 entropy weavers
  3 salamander tyrants (Snake:4)
  10 ice dragons
  2 spriggan air magi
  A peacekeeper (Vaults:2)
  7 ironbound frosthearts
  11 centaur warriors
  A hell beast (Depths:2)
  15 alligators
  2 ogre magi
  4 boulder beetles
  5 catoblepae
  3 two-headed ogres
  12 death yaks
  14 anacondas
  A vampire mage (Depths:3)
  9 deep troll shamans
  12 naga warriors
  6 deep troll earth magi
  5 orc high priests (Orc:2)
  9 shock serpents
  A spriggan berserker (Depths:1)
  2 tengu warriors
  7 naga sharpshooters
  15 spriggans
  2 deep elf knights (D:13)
  A sixfirhy (Depths:4)
  A skyshark (shapeshifter) (Depths:4)
  12 skeletal warriors
  A fire crab (Gauntlet)
  3 goliath frogs
  Lodul (D:13)
  12 iron trolls
  3 spriggan druids
  5 sea snakes
  A quicksilver dragon simulacrum (Depths:2)
  6 salamander mystics
  5 flayed ghosts
  A glowing orange brain (shapeshifter) (D:13)
  8 bog bodies
  69 deep trolls
  13 swamp dragons
  6 phantasmal warriors
  19 lindwurms
  5 naga ritualists
  2 lindwurms (shapeshifter)
  6 wizards
  5 deep elf pyromancers
  4 necromancers
  3 orc sorcerers (Orc:2)
  26 ugly things
  15 ironbound convokers
  A shining eye (shapeshifter) (D:15)
  9 orc knights
  2 wolf spiders (D:13)
  16 mana vipers
  5 will-o-the-wisps
  3 manticores
  7 cyclopes
  23 moths of wrath
  15 elephants
  A fire giant skeleton (D:15)
  A rust devil (Depths:4)
  19 salamanders
  16 naga magi
  38 black mambas
  7 guardian serpents
  9 apocalypse crabs (Zot:2)
  21 vault sentinels
  10 cane toads
  A gargoyle (D:12)
  3 rime drakes
  3 unseen horrors
  A rime drake (shapeshifter) (Depths:2)
  3 efreet
  40 yaktaurs
  A spriggan zombie (D:15)
  A tormentor (Depths:4)
  2 tengu conjurers (D:14)
  3 freezing wraiths
  A guardian mummy (D:15)
  12 komodo dragons
  An ice devil (Gauntlet)
  2 bloated husks
  A polar bear (shapeshifter) (Vaults:5)
  A meliai (shapeshifter) (Depths:2)
  A troll (shapeshifter) (Depths:2)
  9 tyrant leeches
  A tarantella (shapeshifter) (Depths:2)
  Prince Ribbit (D:6)
  10 trolls
  4 polar bears
  13 hornets
  15 blink frogs
  7 dream sheep (Lair:5)
  24 slime creatures
  2 wraiths
  A spriggan (shapeshifter) (Depths:2)
  A ynoxinul (Depths:4)
  8 water elementals
  A culicivora (shapeshifter) (Depths:2)
  A flying skull (Vaults:3)
  A vampire (D:10)
  A wyvern (shapeshifter) (Vaults:5)
  A shadow (D:12)
  67 yaks
  A human (shapeshifter) (Depths:2)
  2 fire bats (Gauntlet)
  7 vampire mosquitoes
  7 wyverns
  6 basilisks
  3 redbacks
  6 steam dragons
  A glowing shapeshifter zombie (D:15)
  37 nagas
  5 acid dragons
  17 swamp worms
  2 wargs
  14 water moccasins
  Duvessa (D:7)
  A glowing shapeshifter skeleton (D:15)
  2 sky beasts
  2 black bears
  30 orc warriors
  A meliai simulacrum (D:13)
  An ice beast (D:6)
  10 swamp drakes
  13 ogres
  3 wolves
  8 centaurs
  2 phantoms
  3 kobold brigands
  9 bullfrogs
  2 scorpions (D:5)
  A gnoll sergeant (D:11)
  7 necrophages (Lair:3)
  7 wights
  Dowan (D:7)
  5 killer bees (D:10)
  10 electric eels
  7 howler monkeys
  3 lava snakes (Lair:2)
  4 jellies
  5 hounds
  7 iguanas
  27 orc priests
  A sleepcap (D:5)
  23 orc wizards
  A lightning spire (Zot:3)
  A hell rat (Lair:4)
  5 adders
  9 gnolls
  5 river rats (D:8)
  A shadow imp (D:7)
  5 white imps
  3 ufetubi
  A worm (D:2)
  2 dart slugs
  90 orcs
  7 endoplasms
  7 giant cockroaches
  11 goblins
  6 hobgoblins
  A jackal (D:2)
  10 quokkas
  15 ball pythons
  3 bats
  5 frilled lizards
  17 kobolds
  12 rats
  A butterfly (Lair:2)
1844 creatures vanquished.

Vanquished Creatures (others)
  An Orb Guardian (Zot:5)
  A vault warden (Vaults:5)
  A black draconian (Zot:3)
  2 purple draconians
  An alligator (Swamp:4)
  A yaktaur (Vaults:5)
  A dream sheep (Lair:5)
  8 foxfires
16 creatures vanquished.

Grand Total: 1860 creatures vanquished

Notes
Turn   | Place    | Note
-------+----------+-------------------------------------------
     0 | D:1      | qw the Gargoyle Hunter began the quest for the Orb.
     0 | D:1      | Reached XP level 1. HP: 12/12 MP: 1/1
     0 | D:1      | 0 ||| qw: Version: 0.3-a-74-g0d5e918
     0 | D:1      | 0 ||| qw: Game counter: 195
     0 | D:1      | 0 ||| qw: Melee chars always use a shield: true
     0 | D:1      | 0 ||| qw: God list: Okawaru
     0 | D:1      | 0 ||| qw: Allow faded altars: false
     0 | D:1      | 0 ||| qw: Do Orc after clearing Dungeon:15 true
     0 | D:1      | 0 ||| qw: Do second Lair branch before Depths: true
     0 | D:1      | 0 ||| qw: Lair rune preference: random
     0 | D:1      | 0 ||| qw: Goals: Normal
     0 | D:1      | 0 ||| PLANNING D:1-11
   203 | D:1      | Reached XP level 2. HP: 17/17 MP: 2/2
   849 | D:1      | 849 ||| UPGRADING to +0 ring mail.
   859 | D:1      | 859 ||| DROPPING +0 leather armour.
   860 | D:1      | 860 ||| UPGRADING to +2 pair of boots.
   865 | D:1      | 865 ||| DROPPING scroll of butterflies.
   910 | D:2      | 910 ||| STAIRDANCE
   914 | D:1      | Reached XP level 3. HP: 21/21 MP: 3/3
   920 | D:2      | Reached skill level 1 in Armour
  1186 | D:2      | Reached XP level 4. HP: 27/27 MP: 4/4
  1414 | D:2      | Reached skill level 3 in Fighting
  1485 | D:2      | 1485 ||| UPGRADING to ring of protection from fire.
  1486 | D:2      | 1486 ||| UPGRADING to +6 ring of dexterity.
  1487 | D:2      | 1487 ||| READING scroll labelled OPSIELUNUL.
  1488 | D:2      | 1488 ||| READING 2 scrolls labelled FAD ZASIARUEZ.
  1489 | D:2      | 1489 ||| READING scroll labelled QABLIU ATIPN.
  1490 | D:2      | 1490 ||| READING scroll labelled REMEKL YSOEPS.
  1491 | D:2      | 1491 ||| DRINKING 2 white potions.
  1714 | D:3      | 1714 ||| DRINKING potion of curing.
  1714 | D:3      | 1714 ||| (to cure confusion)
  2022 | D:3      | Reached XP level 5. HP: 32/32 MP: 5/5
  2423 | D:3      | 2423 ||| UPGRADING to +0 pair of gloves.
  2428 | D:3      | 2428 ||| READING 2 scrolls of identify.
  2428 | D:3      | 2428 ||| IDENTIFYING sedimented clear potion
  2429 | D:3      | 2429 ||| DROPPING potion of brilliance.
  2456 | D:4      | Found an ornate altar of the Wu Jian Council.
  2651 | D:4      | Reached skill level 6 in Ranged Weapons
  2710 | D:4      | Found a burning altar of Makhleb.
  2806 | D:4      | Noticed an ogre
  2812 | D:4      | Killed an ogre
  2813 | D:4      | Reached skill level 4 in Fighting
  2813 | D:4      | Reached XP level 6. HP: 37/40 MP: 6/6
  2876 | D:4      | 2876 ||| FLEEEEING.
  2877 | D:4      | 2877 ||| FLEEEEING.
  2878 | D:4      | 2878 ||| FLEEEEING.
  2879 | D:4      | 2879 ||| FLEEEEING.
  2909 | D:4      | Identified the +4 ring mail of the Six Blessings {rF+ MP-9
                  | Int+3}
  3060 | D:4      | Noticed a black bear
  3073 | D:4      | Killed a black bear
  3246 | D:4      | 3246 ||| UPGRADING to +4 ring mail of the Six Blessings
                  | {rF+ MP-9 Int+3}.
  3256 | D:4      | 3256 ||| DROPPING +0 ring mail.
  3280 | D:5      | Entered Level 5 of the Dungeon
  3321 | D:5      | Found a staircase to the Ecumenical Temple.
  3322 | D:5      | 3322 ||| PLANNING TEMPLE
  3332 | D:5      | Reached XP level 7. HP: 44/44 MP: 0/7
  3337 | D:5      | 3337 ||| FLEEEEING.
  3338 | D:5      | 3338 ||| FLEEEEING.
  3339 | D:5      | 3339 ||| FLEEEEING.
  3342 | D:5      | 3342 ||| FLEEEEING.
  3343 | D:5      | 3343 ||| STAIRDANCE
  3355 | D:5      | 3355 ||| STAIRDANCE
  3383 | Temple   | Entered the Ecumenical Temple
  3384 | Temple   | 3384 ||| PLANNING OKAWARU WORSHIP
  3400 | Temple   | Became a worshipper of Warmaster Okawaru
  3401 | Temple   | 3401 ||| PLANNING D:1-11
  3448 | D:5      | Found a transporter.
  3463 | D:5      | Noticed qw's ghost (novice GrHu)
  3473 | D:5      | Found a transporter.
  3610 | D:5      | 3610 ||| SWAPPING to +0 orcbow.
  3611 | D:5      | 3611 ||| DROPPING +0 shortbow.
  3711 | D:5      | Reached XP level 8. HP: 48/48 MP: 0/8
  3730 | D:5      | Reached * piety under Okawaru
  3731 | D:5      | Reached skill level 5 in Fighting
  3906 | D:5      | 3906 ||| READING scroll labelled FECUTHU LUAFRU.
  3907 | D:5      | 3907 ||| DRINKING 2 viscous ruby potions.
  3908 | D:5      | 3908 ||| DROPPING potion of invisibility.
  3913 | D:6      | 3913 ||| PLANNING SEWER
  3936 | D:6      | Reached skill level 1 in Invocations
  4149 | D:6      | Found a white marble altar of Elyvilon.
  4213 | D:6      | Reached skill level 3 in Invocations
  4272 | D:6      | Reached skill level 9 in Ranged Weapons
  4329 | D:6      | Found a glowing drain.
  4330 | D:6      | 4330 ||| READING scroll labelled UBBIRID SADAT.
  4333 | D:6      | 4333 ||| Stepping randomly (stuck).
  4334 | D:6      | 4334 ||| Stepping randomly (stuck).
  4335 | D:6      | 4335 ||| Stepping randomly (stuck).
  4336 | D:6      | 4336 ||| Stepping randomly (stuck).
  4337 | D:6      | 4337 ||| Stepping randomly (stuck).
  4338 | D:6      | 4338 ||| Stepping randomly (stuck).
  4339 | D:6      | 4339 ||| Stepping randomly (stuck).
  4340 | D:6      | 4340 ||| Stepping randomly (stuck).
  4341 | D:6      | 4341 ||| Stepping randomly (stuck).
  4342 | D:6      | 4342 ||| Stepping randomly (stuck).
  4343 | D:6      | 4343 ||| Stepping randomly (stuck).
  4344 | D:6      | 4344 ||| Stepping randomly (stuck).
  4345 | D:6      | 4345 ||| Stepping randomly (stuck).
  4346 | D:6      | 4346 ||| Stepping randomly (stuck).
  4347 | D:6      | 4347 ||| Stepping randomly (stuck).
  4348 | D:6      | 4348 ||| Stepping randomly (stuck).
  4349 | D:6      | 4349 ||| Stepping randomly (stuck).
  4350 | D:6      | 4350 ||| Stepping randomly (stuck).
  4351 | D:6      | 4351 ||| Stepping randomly (stuck).
  4352 | D:6      | 4352 ||| Stepping randomly (stuck).
  4353 | D:6      | 4353 ||| Stepping randomly (stuck).
  4354 | D:6      | 4354 ||| Stepping randomly (stuck).
  4355 | D:6      | 4355 ||| Stepping randomly (stuck).
  4356 | D:6      | 4356 ||| Stepping randomly (stuck).
  4357 | D:6      | 4357 ||| Stepping randomly (stuck).
  4358 | D:6      | 4358 ||| Stepping randomly (stuck).
  4359 | D:6      | 4359 ||| Stepping randomly (stuck).
  4360 | D:6      | 4360 ||| Stepping randomly (stuck).
  4361 | D:6      | 4361 ||| Stepping randomly (stuck).
  4362 | D:6      | 4362 ||| Stepping randomly (stuck).
  4363 | D:6      | 4363 ||| Stepping randomly (stuck).
  4364 | D:6      | 4364 ||| Stepping randomly (stuck).
  4365 | D:6      | 4365 ||| Stepping randomly (stuck).
  4366 | D:6      | 4366 ||| Stepping randomly (stuck).
  4367 | D:6      | 4367 ||| Stepping randomly (stuck).
  4368 | D:6      | 4368 ||| Stepping randomly (stuck).
  4369 | D:6      | 4369 ||| Stepping randomly (stuck).
  4370 | D:6      | 4370 ||| Stepping randomly (stuck).
  4371 | D:6      | 4371 ||| Stepping randomly (stuck).
  4372 | D:6      | 4372 ||| Stepping randomly (stuck).
  4373 | D:6      | 4373 ||| Stepping randomly (stuck).
  4374 | D:6      | 4374 ||| Stepping randomly (stuck).
  4375 | D:6      | 4375 ||| Stepping randomly (stuck).
  4376 | D:6      | 4376 ||| Stepping randomly (stuck).
  4377 | D:6      | 4377 ||| Stepping randomly (stuck).
  4378 | D:6      | 4378 ||| Stepping randomly (stuck).
  4379 | D:6      | 4379 ||| Stepping randomly (stuck).
  4380 | D:6      | 4380 ||| Stepping randomly (stuck).
  4381 | D:6      | 4381 ||| Stepping randomly (stuck).
  4382 | D:6      | 4382 ||| Stepping randomly (stuck).
  4383 | D:6      | 4383 ||| Stepping randomly (stuck).
  4384 | D:6      | 4384 ||| Stepping randomly (stuck).
  4385 | D:6      | 4385 ||| Stepping randomly (stuck).
  4386 | D:6      | 4386 ||| Stepping randomly (stuck).
  4387 | D:6      | 4387 ||| Stepping randomly (stuck).
  4388 | D:6      | 4388 ||| Stepping randomly (stuck).
  4389 | D:6      | 4389 ||| Stepping randomly (stuck).
  4390 | D:6      | 4390 ||| Stepping randomly (stuck).
  4391 | D:6      | 4391 ||| Stepping randomly (stuck).
  4392 | D:6      | 4392 ||| Stepping randomly (stuck).
  4393 | D:6      | 4393 ||| Stepping randomly (stuck).
  4394 | D:6      | 4394 ||| Stepping randomly (stuck).
  4395 | D:6      | 4395 ||| Stepping randomly (stuck).
  4396 | D:6      | 4396 ||| Stepping randomly (stuck).
  4397 | D:6      | 4397 ||| Stepping randomly (stuck).
  4398 | D:6      | 4398 ||| Stepping randomly (stuck).
  4399 | D:6      | 4399 ||| Stepping randomly (stuck).
  4400 | D:6      | 4400 ||| Stepping randomly (stuck).
  4401 | D:6      | 4401 ||| Stepping randomly (stuck).
  4402 | D:6      | 4402 ||| Stepping randomly (stuck).
  4403 | D:6      | 4403 ||| Stepping randomly (stuck).
  4404 | D:6      | 4404 ||| Stepping randomly (stuck).
  4405 | D:6      | 4405 ||| Stepping randomly (stuck).
  4406 | D:6      | 4406 ||| Stepping randomly (stuck).
  4407 | D:6      | 4407 ||| Stepping randomly (stuck).
  4408 | D:6      | 4408 ||| Stepping randomly (stuck).
  4409 | D:6      | 4409 ||| Stepping randomly (stuck).
  4410 | D:6      | 4410 ||| Stepping randomly (stuck).
  4411 | D:6      | 4411 ||| Stepping randomly (stuck).
  4412 | D:6      | 4412 ||| Stepping randomly (stuck).
  4413 | D:6      | 4413 ||| Stepping randomly (stuck).
  4414 | D:6      | 4414 ||| Stepping randomly (stuck).
  4415 | D:6      | 4415 ||| Stepping randomly (stuck).
  4416 | D:6      | 4416 ||| Stepping randomly (stuck).
  4417 | D:6      | 4417 ||| Stepping randomly (stuck).
  4418 | D:6      | 4418 ||| Stepping randomly (stuck).
  4419 | D:6      | 4419 ||| Stepping randomly (stuck).
  4420 | D:6      | 4420 ||| Stepping randomly (stuck).
  4421 | D:6      | 4421 ||| Stepping randomly (stuck).
  4422 | D:6      | 4422 ||| Stepping randomly (stuck).
  4423 | D:6      | 4423 ||| Stepping randomly (stuck).
  4424 | D:6      | 4424 ||| Stepping randomly (stuck).
  4425 | D:6      | 4425 ||| Stepping randomly (stuck).
  4426 | D:6      | 4426 ||| Stepping randomly (stuck).
  4427 | D:6      | 4427 ||| Stepping randomly (stuck).
  4428 | D:6      | 4428 ||| Stepping randomly (stuck).
  4429 | D:6      | 4429 ||| Stepping randomly (stuck).
  4430 | D:6      | 4430 ||| Stepping randomly (stuck).
  4431 | D:6      | 4431 ||| Stepping randomly (stuck).
  4432 | D:6      | 4432 ||| Stepping randomly (stuck).
  4433 | D:6      | 4433 ||| Stepping randomly (stuck).
  4434 | D:6      | 4434 ||| Stepping randomly (stuck).
  4435 | D:6      | 4435 ||| Stepping randomly (stuck).
  4436 | D:6      | 4436 ||| Stepping randomly (stuck).
  4437 | D:6      | 4437 ||| Stepping randomly (stuck).
  4438 | D:6      | 4438 ||| Stepping randomly (stuck).
  4439 | D:6      | 4439 ||| Stepping randomly (stuck).
  4440 | D:6      | 4440 ||| Stepping randomly (stuck).
  4441 | D:6      | 4441 ||| Stepping randomly (stuck).
  4442 | D:6      | 4442 ||| Stepping randomly (stuck).
  4443 | D:6      | 4443 ||| Stepping randomly (stuck).
  4444 | D:6      | 4444 ||| Stepping randomly (stuck).
  4445 | D:6      | 4445 ||| Stepping randomly (stuck).
  4446 | D:6      | 4446 ||| Stepping randomly (stuck).
  4447 | D:6      | 4447 ||| Stepping randomly (stuck).
  4448 | D:6      | 4448 ||| Stepping randomly (stuck).
  4449 | D:6      | 4449 ||| Stepping randomly (stuck).
  4450 | D:6      | 4450 ||| Stepping randomly (stuck).
  4451 | D:6      | 4451 ||| Stepping randomly (stuck).
  4452 | D:6      | 4452 ||| Stepping randomly (stuck).
  4453 | D:6      | 4453 ||| Stepping randomly (stuck).
  4454 | D:6      | 4454 ||| Stepping randomly (stuck).
  4455 | D:6      | 4455 ||| Stepping randomly (stuck).
  4456 | D:6      | 4456 ||| Stepping randomly (stuck).
  4457 | D:6      | 4457 ||| Stepping randomly (stuck).
  4458 | D:6      | 4458 ||| Stepping randomly (stuck).
  4459 | D:6      | 4459 ||| Stepping randomly (stuck).
  4460 | D:6      | 4460 ||| Stepping randomly (stuck).
  4461 | D:6      | 4461 ||| Stepping randomly (stuck).
  4462 | D:6      | 4462 ||| Stepping randomly (stuck).
  4463 | D:6      | 4463 ||| Stepping randomly (stuck).
  4464 | D:6      | 4464 ||| Stepping randomly (stuck).
  4465 | D:6      | 4465 ||| Stepping randomly (stuck).
  4466 | D:6      | 4466 ||| Stepping randomly (stuck).
  4467 | D:6      | 4467 ||| Stepping randomly (stuck).
  4468 | D:6      | 4468 ||| Stepping randomly (stuck).
  4469 | D:6      | 4469 ||| Stepping randomly (stuck).
  4470 | D:6      | 4470 ||| Stepping randomly (stuck).
  4471 | D:6      | 4471 ||| Stepping randomly (stuck).
  4472 | D:6      | 4472 ||| Stepping randomly (stuck).
  4473 | D:6      | 4473 ||| Stepping randomly (stuck).
  4474 | D:6      | 4474 ||| Stepping randomly (stuck).
  4475 | D:6      | 4475 ||| Stepping randomly (stuck).
  4476 | D:6      | 4476 ||| Stepping randomly (stuck).
  4477 | D:6      | 4477 ||| Stepping randomly (stuck).
  4478 | D:6      | 4478 ||| Stepping randomly (stuck).
  4479 | D:6      | 4479 ||| Stepping randomly (stuck).
  4480 | D:6      | 4480 ||| Stepping randomly (stuck).
  4481 | D:6      | 4481 ||| Stepping randomly (stuck).
  4482 | D:6      | 4482 ||| Stepping randomly (stuck).
  4483 | D:6      | 4483 ||| Stepping randomly (stuck).
  4484 | D:6      | 4484 ||| Stepping randomly (stuck).
  4485 | D:6      | 4485 ||| Stepping randomly (stuck).
  4486 | D:6      | 4486 ||| Stepping randomly (stuck).
  4487 | D:6      | 4487 ||| Stepping randomly (stuck).
  4488 | D:6      | 4488 ||| Stepping randomly (stuck).
  4489 | D:6      | 4489 ||| Stepping randomly (stuck).
  4490 | D:6      | 4490 ||| Stepping randomly (stuck).
  4491 | D:6      | 4491 ||| Stepping randomly (stuck).
  4492 | D:6      | 4492 ||| Stepping randomly (stuck).
  4493 | D:6      | 4493 ||| Stepping randomly (stuck).
  4494 | D:6      | 4494 ||| Stepping randomly (stuck).
  4495 | D:6      | 4495 ||| Stepping randomly (stuck).
  4496 | D:6      | 4496 ||| Stepping randomly (stuck).
  4497 | D:6      | 4497 ||| Stepping randomly (stuck).
  4498 | D:6      | 4498 ||| Stepping randomly (stuck).
  4499 | D:6      | 4499 ||| Stepping randomly (stuck).
  4500 | D:6      | 4500 ||| Stepping randomly (stuck).
  4501 | D:6      | 4501 ||| Stepping randomly (stuck).
  4502 | D:6      | 4502 ||| Stepping randomly (stuck).
  4503 | D:6      | 4503 ||| Stepping randomly (stuck).
  4504 | D:6      | 4504 ||| Stepping randomly (stuck).
  4505 | D:6      | 4505 ||| Stepping randomly (stuck).
  4506 | D:6      | 4506 ||| Stepping randomly (stuck).
  4507 | D:6      | 4507 ||| Stepping randomly (stuck).
  4508 | D:6      | 4508 ||| Stepping randomly (stuck).
  4509 | D:6      | 4509 ||| Stepping randomly (stuck).
  4510 | D:6      | 4510 ||| Stepping randomly (stuck).
  4511 | D:6      | 4511 ||| Stepping randomly (stuck).
  4512 | D:6      | 4512 ||| Stepping randomly (stuck).
  4513 | D:6      | 4513 ||| Stepping randomly (stuck).
  4514 | D:6      | 4514 ||| Stepping randomly (stuck).
  4515 | D:6      | 4515 ||| Stepping randomly (stuck).
  4516 | D:6      | 4516 ||| Stepping randomly (stuck).
  4517 | D:6      | 4517 ||| Stepping randomly (stuck).
  4518 | D:6      | 4518 ||| Stepping randomly (stuck).
  4519 | D:6      | 4519 ||| Stepping randomly (stuck).
  4520 | D:6      | 4520 ||| Stepping randomly (stuck).
  4521 | D:6      | 4521 ||| Stepping randomly (stuck).
  4522 | D:6      | 4522 ||| Stepping randomly (stuck).
  4523 | D:6      | 4523 ||| Stepping randomly (stuck).
  4524 | D:6      | 4524 ||| Stepping randomly (stuck).
  4525 | D:6      | 4525 ||| Stepping randomly (stuck).
  4526 | D:6      | 4526 ||| Stepping randomly (stuck).
  4527 | D:6      | 4527 ||| Stepping randomly (stuck).
  4528 | D:6      | 4528 ||| Stepping randomly (stuck).
  4529 | D:6      | 4529 ||| Stepping randomly (stuck).
  4530 | D:6      | 4530 ||| Stepping randomly (stuck).
  4531 | D:6      | 4531 ||| Stepping randomly (stuck).
  4532 | D:6      | 4532 ||| Stepping randomly (stuck).
  4532 | D:6      | 4532 ||| RIP SEWER
  4533 | D:6      | 4533 ||| PLANNING D:1-11
  4584 | D:6      | Reached ** piety under Okawaru
  4634 | D:6      | 4634 ||| INVOKING Heroism.
  4645 | D:6      | Reached skill level 6 in Fighting
  4698 | D:6      | Reached XP level 9. HP: 39/55 MP: 3/12
  4764 | D:6      | Reached skill level 3 in Dodging
  4974 | D:6      | Found a shimmering blue altar of Sif Muna.
  5063 | D:6      | 5063 ||| READING scroll labelled DOQACL NAEHA.
  5098 | D:7      | Noticed Prince Ribbit
  5099 | D:7      | 5099 ||| INVOKING Heroism.
  5101 | D:7      | 5101 ||| STAIRDANCE
  5111 | D:6      | Killed Prince Ribbit
  5129 | D:7      | 5129 ||| STAIRDANCE
  5137 | D:7      | 5137 ||| STAIRDANCE
  5142 | D:7      | 5142 ||| STAIRDANCE
  5148 | D:6      | 5148 ||| INVOKING Heroism.
  5151 | D:6      | Reached skill level 3 in Armour
  5251 | D:7      | 5251 ||| STAIRDANCE
  5352 | D:7      | Reached skill level 7 in Fighting
  5393 | D:7      | Reached *** piety under Okawaru
  5424 | D:7      | 5424 ||| INVOKING Heroism.
  5487 | D:7      | Found an opulent altar of Gozag.
  5637 | D:7      | Found a hide-covered altar of Uskayaw.
  5670 | D:7      | Noticed Duvessa
  5671 | D:7      | 5671 ||| INVOKING Heroism.
  5678 | D:7      | Killed Duvessa
  5678 | D:7      | Noticed Dowan
  5679 | D:7      | Killed Dowan
  5737 | D:7      | 5737 ||| DRINKING 2 fizzy clear potions.
  5738 | D:7      | 5738 ||| READING 2 scrolls of identify.
  5738 | D:7      | 5738 ||| IDENTIFYING dark potion
  5754 | D:8      | 5754 ||| INVOKING Heroism.
  5755 | D:8      | Noticed a hornet
  5756 | D:8      | 5756 ||| Stepping ~*~*~tactically~*~*~ (retreating).
  5757 | D:8      | 5757 ||| RETREATING.
  5775 | D:8      | Killed a hornet
  5816 | D:8      | 5816 ||| READING scroll of enchant weapon.
  5816 | D:8      | 5816 ||| ENCHANTING +1 orcbow.
  5863 | D:8      | Found a blossoming altar of Fedhas.
  5872 | D:8      | 5872 ||| INVOKING Heroism.
  5874 | D:8      | 5874 ||| Stepping ~*~*~tactically~*~*~ (outnumbered).
  5890 | D:8      | Reached XP level 10. HP: 58/63 MP: 2/13
  6048 | D:8      | Found a staircase to the Lair.
  6048 | D:8      | Noticed a death yak
  6048 | D:8      | Noticed a death yak
  6049 | D:8      | 6049 ||| RETREATING.
  6050 | D:8      | 6050 ||| INVOKING Heroism.
  6055 | D:8      | Noticed a death yak
  6066 | D:8      | Killed a death yak
  6067 | D:8      | Reached skill level 8 in Fighting
  6077 | D:8      | 6077 ||| INVOKING Heroism.
  6078 | D:8      | HP: 15/65 [death yak (16)]
  6079 | D:8      | 6079 ||| READING scroll of teleportation.
  6080 | D:8      | Killed a death yak
  6292 | D:8      | Reached **** piety under Okawaru
  6295 | D:8      | 6295 ||| RETREATING.
  6310 | D:8      | 6310 ||| Stepping ~*~*~tactically~*~*~ (retreating).
  6311 | D:8      | 6311 ||| Stepping ~*~*~tactically~*~*~ (retreating).
  6312 | D:8      | 6312 ||| Stepping ~*~*~tactically~*~*~ (retreating).
  6313 | D:8      | 6313 ||| Stepping ~*~*~tactically~*~*~ (retreating).
  6314 | D:8      | 6314 ||| Stepping ~*~*~tactically~*~*~ (retreating).
  6315 | D:8      | 6315 ||| Stepping ~*~*~tactically~*~*~ (retreating).
  6318 | D:8      | 6318 ||| FLEEEEING.
  6319 | D:8      | 6319 ||| FLEEEEING.
  6326 | D:8      | 6326 ||| Stepping ~*~*~tactically~*~*~ (retreating).
  6331 | D:8      | 6331 ||| INVOKING Heroism.
  6341 | D:8      | Reached skill level 12 in Ranged Weapons
  6352 | D:8      | HP: 12/65 [yak (5)]
  6579 | D:8      | 6579 ||| INVOKING Heroism.
  6593 | D:8      | Killed a death yak
  6594 | D:8      | Reached skill level 6 in Invocations
  6594 | D:8      | Reached XP level 11. HP: 31/69 MP: 4/15
  6815 | D:8      | Noticed a two-headed ogre
  6816 | D:8      | 6816 ||| INVOKING Heroism.
  6830 | D:8      | Killed a two-headed ogre
  6914 | D:8      | 6914 ||| PLANNING LAIR
  6914 | D:8      | 6914 ||| READING scroll labelled OJUATT NISIPON.
  6915 | D:8      | 6915 ||| DRINKING 2 fizzy ruby potions.
  6925 | D:8      | 6925 ||| DROPPING potion of ambrosia.
  6934 | Lair:1   | Entered Level 1 of the Lair of Beasts
  6988 | Lair:1   | 6988 ||| READING scroll of enchant weapon.
  6988 | Lair:1   | 6988 ||| ENCHANTING +2 orcbow.
  7041 | Lair:1   | 7041 ||| INVOKING Heroism.
  7130 | Lair:1   | 7130 ||| INVOKING Heroism.
  7166 | Lair:1   | 7166 ||| RETREATING.
  7172 | Lair:1   | 7172 ||| Stepping ~*~*~tactically~*~*~ (retreating).
  7173 | Lair:1   | 7173 ||| Stepping ~*~*~tactically~*~*~ (retreating).
  7174 | Lair:1   | 7174 ||| Stepping ~*~*~tactically~*~*~ (retreating).
  7175 | Lair:1   | 7175 ||| Stepping ~*~*~tactically~*~*~ (retreating).
  7269 | Lair:1   | 7269 ||| INVOKING Heroism.
  7437 | Lair:1   | 7437 ||| RETREATING.
  7443 | Lair:1   | 7443 ||| Stepping ~*~*~tactically~*~*~ (retreating).
  7446 | Lair:1   | 7446 ||| Stepping ~*~*~tactically~*~*~ (retreating).
  7449 | Lair:1   | 7449 ||| Stepping ~*~*~tactically~*~*~ (retreating).
  7450 | Lair:1   | 7450 ||| Stepping ~*~*~tactically~*~*~ (retreating).
  7451 | Lair:1   | 7451 ||| Stepping ~*~*~tactically~*~*~ (retreating).
  7452 | Lair:1   | 7452 ||| Stepping ~*~*~tactically~*~*~ (retreating).
  7453 | Lair:1   | 7453 ||| Stepping ~*~*~tactically~*~*~ (retreating).
  7454 | Lair:1   | 7454 ||| Stepping ~*~*~tactically~*~*~ (retreating).
  7455 | Lair:1   | 7455 ||| Stepping ~*~*~tactically~*~*~ (retreating).
  7456 | Lair:1   | 7456 ||| Stepping ~*~*~tactically~*~*~ (retreating).
  7457 | Lair:1   | 7457 ||| Stepping ~*~*~tactically~*~*~ (retreating).
  7458 | Lair:1   | 7458 ||| Stepping ~*~*~tactically~*~*~ (retreating).
  7464 | Lair:1   | 7464 ||| INVOKING Heroism.
  7473 | Lair:1   | Reached skill level 9 in Fighting
  7483 | Lair:1   | 7483 ||| INVOKING Heroism.
  7660 | Lair:1   | 7660 ||| INVOKING Heroism.
  7713 | Lair:1   | 7713 ||| INVOKING Heroism.
  8191 | Lair:1   | 8191 ||| UPGRADING to ring of willpower.
  8193 | Lair:1   | 8193 ||| DRINKING 2 bubbling coppery potions.
  8194 | Lair:1   | 8194 ||| READING 3 scrolls of identify.
  8194 | Lair:1   | 8194 ||| IDENTIFYING glowing emerald potion
  8195 | Lair:1   | 8195 ||| READING 2 scrolls of identify.
  8195 | Lair:1   | 8195 ||| IDENTIFYING bubbling puce potion
  8196 | Lair:1   | 8196 ||| DROPPING potion of lignification.
  8254 | Lair:2   | 8254 ||| INVOKING Heroism.
  8265 | Lair:2   | Reached skill level 9 in Invocations
  8290 | Lair:2   | 8290 ||| INVOKING Heroism.
  8394 | Lair:2   | 8394 ||| INVOKING Heroism.
  8505 | Lair:2   | 8505 ||| READING scroll of enchant armour.
  8505 | Lair:2   | 8505 ||| ENCHANTING +0 pair of gloves.
  8557 | Lair:2   | 8557 ||| INVOKING Heroism.
  8558 | Lair:2   | 8558 ||| Stepping ~*~*~tactically~*~*~ (retreating).
  8586 | Lair:2   | 8586 ||| Stepping ~*~*~tactically~*~*~ (retreating).
  8591 | Lair:2   | 8591 ||| INVOKING Heroism.
  8592 | Lair:2   | 8592 ||| Stepping ~*~*~tactically~*~*~ (retreating).
  8593 | Lair:2   | 8593 ||| Stepping ~*~*~tactically~*~*~ (retreating).
  8594 | Lair:2   | 8594 ||| Stepping ~*~*~tactically~*~*~ (retreating).
  8595 | Lair:2   | 8595 ||| Stepping ~*~*~tactically~*~*~ (retreating).
  8596 | Lair:2   | 8596 ||| RETREATING.
  8604 | Lair:2   | Reached XP level 12. HP: 55/76 MP: 8/19
  8682 | Lair:2   | 8682 ||| INVOKING Heroism.
  8688 | Lair:2   | 8688 ||| RETREATING.
  8704 | Lair:2   | 8704 ||| INVOKING Heroism.
  8732 | Lair:2   | Found a staircase to the Swamp.
  8925 | Lair:2   | 8925 ||| INVOKING Heroism.
  8931 | Lair:2   | Received a gift from Okawaru
  8935 | Lair:2   | 8935 ||| RETREATING.
  8936 | Lair:2   | 8936 ||| Stepping ~*~*~tactically~*~*~ (retreating).
  8937 | Lair:2   | 8937 ||| Stepping ~*~*~tactically~*~*~ (retreating).
  8991 | Lair:2   | 8991 ||| INVOKING Heroism.
  9032 | Lair:2   | Found a staircase to the Snake Pit.
  9422 | Lair:2   | 9422 ||| RETREATING.
  9444 | Lair:2   | Reached skill level 10 in Fighting
  9464 | Lair:2   | 9464 ||| INVOKING Heroism.
  9615 | Lair:2   | 9615 ||| UPGRADING to amulet of faith.
  9620 | Lair:2   | 9620 ||| READING 4 scrolls of identify.
  9620 | Lair:2   | 9620 ||| IDENTIFYING sedimented red potion
  9621 | Lair:2   | 9621 ||| READING 3 scrolls of identify.
  9621 | Lair:2   | 9621 ||| IDENTIFYING bubbling orange potion
  9735 | Lair:3   | Reached ***** piety under Okawaru
  9931 | Lair:3   | 9931 ||| INVOKING Heroism.
 10110 | Lair:3   | 10110 ||| INVOKING Heroism.
 10223 | Lair:3   | 10223 ||| READING scroll of enchant armour.
 10223 | Lair:3   | 10223 ||| ENCHANTING +1 pair of gloves.
 10233 | Lair:3   | Noticed a four-headed hydra
 10234 | Lair:3   | 10234 ||| INVOKING Heroism.
 10243 | Lair:3   | Killed a four-headed hydra
 10282 | Lair:3   | Reached skill level 15 in Ranged Weapons
 10695 | Lair:3   | 10695 ||| UPGRADING to +0 cloak.
 10700 | Lair:3   | 10700 ||| READING scroll labelled QEYWIM ISUKHLAO.
 10749 | Lair:4   | Noticed a seven-headed hydra
 10750 | Lair:4   | 10750 ||| INVOKING Heroism.
 10757 | Lair:4   | Killed a seven-headed hydra
 10841 | Lair:4   | Noticed a five-headed hydra
 10842 | Lair:4   | 10842 ||| INVOKING Heroism.
 10848 | Lair:4   | Killed a five-headed hydra
 10849 | Lair:4   | Reached skill level 6 in Armour
 10927 | Lair:4   | 10927 ||| Stepping ~*~*~tactically~*~*~ (retreating).
 10933 | Lair:4   | 10933 ||| Stepping ~*~*~tactically~*~*~ (retreating).
 11052 | Lair:4   | Noticed a catoblepas
 11053 | Lair:4   | 11053 ||| INVOKING Heroism.
 11058 | Lair:4   | 11058 ||| INVOKING Finesse.
 11071 | Lair:4   | Killed a catoblepas
 11071 | Lair:4   | Received a gift from Okawaru
 11072 | Lair:4   | Reached XP level 13. HP: 74/82 MP: 4/20
 11128 | Lair:4   | 11128 ||| SWAPPING to +1 arbalest of flaming.
 11129 | Lair:4   | 11129 ||| DROPPING +3 orcbow.
 11177 | Lair:4   | 11177 ||| INVOKING Heroism.
 11296 | Lair:4   | 11296 ||| INVOKING Heroism.
 11315 | Lair:4   | Found a staircase to the Slime Pits.
 11317 | Lair:4   | Found a viscous altar of Jiyva.
 11399 | Lair:4   | 11399 ||| RETREATING.
 11405 | Lair:4   | 11405 ||| RETREATING.
 11409 | Lair:4   | 11409 ||| RETREATING.
 11435 | Lair:4   | 11435 ||| INVOKING Heroism.
 11675 | Lair:4   | 11675 ||| RETREATING.
 11676 | Lair:4   | 11676 ||| INVOKING Heroism.
 11679 | Lair:4   | 11679 ||| Stepping ~*~*~tactically~*~*~ (retreating).
 11680 | Lair:4   | 11680 ||| Stepping ~*~*~tactically~*~*~ (retreating).
 11681 | Lair:4   | 11681 ||| Stepping ~*~*~tactically~*~*~ (retreating).
 11682 | Lair:4   | 11682 ||| Stepping ~*~*~tactically~*~*~ (retreating).
 11683 | Lair:4   | 11683 ||| Stepping ~*~*~tactically~*~*~ (retreating).
 11688 | Lair:4   | 11688 ||| Stepping ~*~*~tactically~*~*~ (retreating).
 11692 | Lair:4   | 11692 ||| Stepping ~*~*~tactically~*~*~ (retreating).
 11693 | Lair:4   | 11693 ||| Stepping ~*~*~tactically~*~*~ (retreating).
 11695 | Lair:4   | 11695 ||| Stepping ~*~*~tactically~*~*~ (retreating).
 11696 | Lair:4   | 11696 ||| Stepping ~*~*~tactically~*~*~ (retreating).
 11697 | Lair:4   | 11697 ||| Stepping ~*~*~tactically~*~*~ (retreating).
 11699 | Lair:4   | 11699 ||| Stepping ~*~*~tactically~*~*~ (retreating).
 11701 | Lair:4   | 11701 ||| Stepping ~*~*~tactically~*~*~ (retreating).
 11702 | Lair:4   | 11702 ||| Stepping ~*~*~tactically~*~*~ (retreating).
 11703 | Lair:4   | 11703 ||| Stepping ~*~*~tactically~*~*~ (retreating).
 11704 | Lair:4   | 11704 ||| Stepping ~*~*~tactically~*~*~ (retreating).
 11705 | Lair:4   | 11705 ||| INVOKING Heroism.
 11710 | Lair:4   | HP: 20/82 [catoblepas (10)]
 11711 | Lair:4   | 11711 ||| READING 2 scrolls of teleportation.
 11712 | Lair:4   | 11712 ||| DRINKING 2 potions of heal wounds.
 11829 | Lair:4   | 11829 ||| INVOKING Heroism.
 11838 | Lair:4   | Reached skill level 6 in Dodging
 11945 | Lair:4   | 11945 ||| INVOKING Heroism.
 12024 | Lair:4   | 12024 ||| INVOKING Heroism.
 12167 | Lair:4   | 12167 ||| READING scroll labelled LURRAI NASIU.
 12194 | Lair:5   | Entered Level 5 of the Lair of Beasts
 12195 | Lair:5   | 12195 ||| STAIRDANCE
 12243 | Lair:5   | 12243 ||| STAIRDANCE
 12246 | Lair:4   | 12246 ||| INVOKING Heroism.
 12253 | Lair:4   | 12253 ||| Stepping ~*~*~tactically~*~*~ (retreating).
 12254 | Lair:4   | 12254 ||| Stepping ~*~*~tactically~*~*~ (retreating).
 12255 | Lair:4   | 12255 ||| Stepping ~*~*~tactically~*~*~ (retreating).
 12256 | Lair:4   | 12256 ||| Stepping ~*~*~tactically~*~*~ (retreating).
 12439 | Lair:5   | 12439 ||| STAIRDANCE
 12441 | Lair:4   | 12441 ||| Stepping ~*~*~tactically~*~*~ (retreating).
 12442 | Lair:4   | 12442 ||| Stepping ~*~*~tactically~*~*~ (retreating).
 12443 | Lair:4   | 12443 ||| Stepping ~*~*~tactically~*~*~ (retreating).
 12444 | Lair:4   | 12444 ||| Stepping ~*~*~tactically~*~*~ (retreating).
 12454 | Lair:4   | Reached skill level 11 in Fighting
 12470 | Lair:5   | 12470 ||| STAIRDANCE
 12472 | Lair:4   | 12472 ||| Stepping ~*~*~tactically~*~*~ (retreating).
 12473 | Lair:4   | 12473 ||| Stepping ~*~*~tactically~*~*~ (retreating).
 12474 | Lair:4   | 12474 ||| Stepping ~*~*~tactically~*~*~ (retreating).
 12475 | Lair:4   | 12475 ||| Stepping ~*~*~tactically~*~*~ (retreating).
 12523 | Lair:5   | 12523 ||| Stepping ~*~*~tactically~*~*~ (retreating).
 12524 | Lair:5   | 12524 ||| Stepping ~*~*~tactically~*~*~ (retreating).
 12525 | Lair:5   | 12525 ||| Stepping ~*~*~tactically~*~*~ (retreating).
 12526 | Lair:5   | 12526 ||| Stepping ~*~*~tactically~*~*~ (retreating).
 12527 | Lair:5   | 12527 ||| Stepping ~*~*~tactically~*~*~ (retreating).
 12528 | Lair:5   | 12528 ||| Stepping ~*~*~tactically~*~*~ (retreating).
 12529 | Lair:5   | 12529 ||| Stepping ~*~*~tactically~*~*~ (retreating).
 12530 | Lair:5   | 12530 ||| Stepping ~*~*~tactically~*~*~ (retreating).
 12531 | Lair:5   | 12531 ||| Stepping ~*~*~tactically~*~*~ (retreating).
 12532 | Lair:5   | 12532 ||| Stepping ~*~*~tactically~*~*~ (retreating).
 12533 | Lair:5   | 12533 ||| Stepping ~*~*~tactically~*~*~ (retreating).
 12534 | Lair:5   | 12534 ||| INVOKING Heroism.
 12535 | Lair:5   | 12535 ||| INVOKING Finesse.
 12558 | Lair:5   | 12558 ||| Stepping ~*~*~tactically~*~*~ (retreating).
 12559 | Lair:5   | 12559 ||| Stepping ~*~*~tactically~*~*~ (retreating).
 12560 | Lair:5   | 12560 ||| Stepping ~*~*~tactically~*~*~ (retreating).
 12560 | Lair:5   | HP: 21/84 [elephant (3)]
 12561 | Lair:5   | 12561 ||| READING scroll of teleportation.
 12562 | Lair:5   | 12562 ||| Stepping ~*~*~tactically~*~*~ (retreating).
 12563 | Lair:5   | 12563 ||| DRINKING potion of heal wounds.
 12566 | Lair:5   | HP: 19/84 [catoblepas (18)]
 12763 | Lair:5   | 12763 ||| INVOKING Heroism.
 12770 | Lair:5   | 12770 ||| RETREATING.
 12772 | Lair:5   | 12772 ||| Stepping ~*~*~tactically~*~*~ (retreating).
 12818 | Lair:5   | 12818 ||| READING scroll of enchant weapon.
 12818 | Lair:5   | 12818 ||| ENCHANTING +1 arbalest of flaming.
 12823 | Lair:5   | 12823 ||| INVOKING Heroism.
 12848 | Lair:5   | 12848 ||| Stepping ~*~*~tactically~*~*~ (water).
 12850 | Lair:5   | 12850 ||| Stepping ~*~*~tactically~*~*~ (water).
 12852 | Lair:5   | 12852 ||| Stepping ~*~*~tactically~*~*~ (water).
 12864 | Lair:5   | Received a gift from Okawaru
 12996 | Lair:5   | Noticed a fire dragon
 12997 | Lair:5   | 12997 ||| Stepping ~*~*~tactically~*~*~ (water).
 12998 | Lair:5   | 12998 ||| INVOKING Heroism.
 12999 | Lair:5   | 12999 ||| INVOKING Finesse.
 13004 | Lair:5   | Killed a fire dragon
 13145 | Lair:5   | 13145 ||| RETREATING.
 13186 | Lair:5   | 13186 ||| INVOKING Heroism.
 13227 | Lair:5   | 13227 ||| RETREATING.
 13233 | Lair:5   | 13233 ||| Stepping ~*~*~tactically~*~*~ (retreating).
 13234 | Lair:5   | 13234 ||| Stepping ~*~*~tactically~*~*~ (retreating).
 13235 | Lair:5   | 13235 ||| Stepping ~*~*~tactically~*~*~ (retreating).
 13280 | Lair:5   | 13280 ||| RETREATING.
 13287 | Lair:5   | Identified the +0 pair of gloves "Hoqu" {Contam Regen+
                  | Dex+3} (Okawaru gifted it to you on level 5 of the Lair of
                  | Beasts)
 13287 | Lair:5   | Received a gift from Okawaru
 13288 | Lair:5   | Gained mutation: Your large and strong wings let you fly.
                  | [Gargoyle growth]
 13288 | Lair:5   | Reached XP level 14. HP: 90/90 MP: 12/21
 13438 | Lair:5   | 13438 ||| INVOKING Heroism.
 13502 | Lair:5   | 13502 ||| Stepping ~*~*~tactically~*~*~ (retreating).
 13504 | Lair:5   | 13504 ||| Stepping ~*~*~tactically~*~*~ (retreating).
 13505 | Lair:5   | 13505 ||| Stepping ~*~*~tactically~*~*~ (retreating).
 13506 | Lair:5   | 13506 ||| Stepping ~*~*~tactically~*~*~ (retreating).
 13507 | Lair:5   | 13507 ||| Stepping ~*~*~tactically~*~*~ (retreating).
 13519 | Lair:5   | Reached skill level 18 in Ranged Weapons
 13633 | Lair:5   | 13633 ||| INVOKING Heroism.
 13634 | Lair:5   | 13634 ||| INVOKING Finesse.
 13753 | Lair:5   | 13753 ||| INVOKING Heroism.
 13754 | Lair:5   | 13754 ||| Stepping ~*~*~tactically~*~*~ (retreating).
 13755 | Lair:5   | 13755 ||| INVOKING Finesse.
 13756 | Lair:5   | Noticed a dire elephant
 13757 | Lair:5   | 13757 ||| Stepping ~*~*~tactically~*~*~ (retreating).
 13758 | Lair:5   | 13758 ||| Stepping ~*~*~tactically~*~*~ (retreating).
 13759 | Lair:5   | 13759 ||| Stepping ~*~*~tactically~*~*~ (retreating).
 13760 | Lair:5   | 13760 ||| Stepping ~*~*~tactically~*~*~ (retreating).
 13761 | Lair:5   | 13761 ||| Stepping ~*~*~tactically~*~*~ (retreating).
 13762 | Lair:5   | 13762 ||| Stepping ~*~*~tactically~*~*~ (retreating).
 13763 | Lair:5   | 13763 ||| Stepping ~*~*~tactically~*~*~ (retreating).
 13764 | Lair:5   | 13764 ||| Stepping ~*~*~tactically~*~*~ (retreating).
 13765 | Lair:5   | 13765 ||| Stepping ~*~*~tactically~*~*~ (retreating).
 13766 | Lair:5   | 13766 ||| Stepping ~*~*~tactically~*~*~ (retreating).
 13767 | Lair:5   | 13767 ||| Stepping ~*~*~tactically~*~*~ (retreating).
 13768 | Lair:5   | 13768 ||| Stepping ~*~*~tactically~*~*~ (retreating).
 13880 | Lair:5   | 13880 ||| INVOKING Heroism.
 13885 | Lair:5   | Killed a dire elephant
 13886 | Lair:5   | Reached skill level 12 in Fighting
 13983 | Lair:5   | 13983 ||| FLEEEEING.
 13984 | Lair:5   | 13984 ||| FLEEEEING.
 13990 | Lair:5   | 13990 ||| INVOKING Heroism.
 13991 | Lair:5   | 13991 ||| INVOKING Finesse.
 14070 | Lair:5   | 14070 ||| INVOKING Heroism.
 14128 | Lair:5   | 14128 ||| INVOKING Heroism.
 14132 | Lair:5   | 14132 ||| RETREATING.
 14140 | Lair:5   | 14140 ||| Stepping ~*~*~tactically~*~*~ (retreating).
 14319 | Lair:5   | 14319 ||| PLANNING D:1-11
 14319 | Lair:5   | 14319 ||| UPGRADING to +0 pair of gloves "Hoqu" {Contam
                  | Regen+ Dex+3}.
 14329 | Lair:5   | 14329 ||| DROPPING +2 pair of gloves.
 14330 | Lair:5   | 14330 ||| READING scroll labelled OPUDAMNIEHEA.
 14331 | Lair:5   | 14331 ||| READING 6 scrolls of identify.
 14331 | Lair:5   | 14331 ||| IDENTIFYING lumpy ruby potion
 14332 | Lair:5   | 14332 ||| READING 5 scrolls of identify.
 14332 | Lair:5   | 14332 ||| IDENTIFYING fuming sapphire potion
 14333 | Lair:5   | 14333 ||| DROPPING potion of degeneration.
 14334 | Lair:5   | 14334 ||| DROPPING potion of attraction.
 14750 | D:9      | 14750 ||| Stepping ~*~*~tactically~*~*~ (outnumbered).
 14999 | D:9      | 14999 ||| READING scroll of enchant weapon.
 14999 | D:9      | 14999 ||| ENCHANTING +2 arbalest of flaming.
 15054 | D:10     | Entered Level 10 of the Dungeon
 15078 | D:10     | 15078 ||| INVOKING Heroism.
 15137 | D:10     | 15137 ||| READING scroll labelled DOSHOAL GE DUR.
 15137 | D:10     | Identified a scroll of acquirement
 15137 | D:10     | 15137 ||| ACQUIRING +2 longbow of flaming
 15137 | D:10     | Acquired a +2 longbow of flaming
 15139 | D:10     | 15139 ||| SWAPPING to +2 longbow of flaming.
 15140 | D:10     | 15140 ||| DROPPING +3 arbalest of flaming.
 15182 | D:10     | 15182 ||| RETREATING.
 15185 | D:10     | 15185 ||| INVOKING Heroism.
 15191 | D:10     | 15191 ||| Stepping ~*~*~tactically~*~*~ (retreating).
 15388 | D:10     | Found a hazy altar of Hepliaklqana.
 15858 | D:10     | 15858 ||| READING 6 scrolls of identify.
 15858 | D:10     | 15858 ||| IDENTIFYING lumpy pink potion
 15859 | D:10     | 15859 ||| DROPPING potion of berserk rage.
 15915 | D:11     | Found an ancient bone altar of Kikubaaqudgha.
 16041 | D:11     | 16041 ||| READING scroll labelled RUEFREA KEECE.
 16042 | D:11     | 16042 ||| Stepping randomly (disturbance).
 16043 | D:11     | 16043 ||| Stepping randomly (disturbance).
 16058 | D:11     | Received a gift from Okawaru
 16134 | D:11     | 16134 ||| Stepping randomly (disturbance).
 16137 | D:11     | 16137 ||| Stepping randomly (disturbance).
 16434 | D:11     | 16434 ||| Stepping ~*~*~tactically~*~*~ (outnumbered).
 16436 | D:11     | 16436 ||| Stepping ~*~*~tactically~*~*~ (outnumbered).
 16584 | D:11     | 16584 ||| PLANNING D
 16911 | D:12     | 16911 ||| Stepping randomly (disturbance).
 16912 | D:12     | 16912 ||| Stepping randomly (disturbance).
 16913 | D:12     | 16913 ||| Stepping randomly (disturbance).
 16926 | D:12     | Identified the +1 hat of Imperfection {Dex+4} (Okawaru
                  | gifted it to you on level 12 of the Dungeon)
 16926 | D:12     | Received a gift from Okawaru
 16966 | D:12     | Reached XP level 15. HP: 96/96 MP: 13/22
 17086 | D:12     | Found a staircase to the Orcish Mines.
 17356 | D:12     | 17356 ||| UPGRADING to +1 hat of Imperfection {Dex+4}.
 17361 | D:12     | 17361 ||| READING scroll labelled LYQEAL VAM.
 17388 | D:13     | 17388 ||| STAIRDANCE
 17392 | D:13     | 17392 ||| STAIRDANCE
 17413 | D:13     | 17413 ||| Stepping ~*~*~tactically~*~*~ (retreating).
 17414 | D:13     | 17414 ||| Stepping ~*~*~tactically~*~*~ (retreating).
 17414 | D:13     | Found Xedaob's Armour Boutique.
 17414 | D:13     | Found Beeckui's Weapon Shop.
 17415 | D:13     | 17415 ||| Stepping ~*~*~tactically~*~*~ (retreating).
 17428 | D:13     | Found Coeklyx's Antique Weapon Boutique.
 17428 | D:13     | Found Walint's General Store.
 17444 | D:13     | 17444 ||| BUYING potion of mutation (104 gold).
 17444 | D:13     | Bought a potion of mutation for 104 gold pieces
 17499 | D:13     | 17499 ||| FLEEEEING.
 17501 | D:13     | 17501 ||| FLEEEEING.
 17502 | D:13     | 17502 ||| FLEEEEING.
 17503 | D:13     | 17503 ||| FLEEEEING.
 17505 | D:13     | 17505 ||| FLEEEEING.
 17506 | D:13     | 17506 ||| FLEEEEING.
 17580 | D:13     | 17580 ||| INVOKING Heroism.
 17594 | D:13     | Reached skill level 9 in Dodging
 17613 | D:13     | 17613 ||| RETREATING.
 17615 | D:13     | 17615 ||| Stepping ~*~*~tactically~*~*~ (outnumbered).
 17617 | D:13     | 17617 ||| Stepping ~*~*~tactically~*~*~ (outnumbered).
 17620 | D:13     | 17620 ||| INVOKING Heroism.
 17655 | D:13     | Noticed Lodul
 17659 | D:13     | Killed Lodul
 17754 | D:13     | 17754 ||| FLEEEEING.
 17755 | D:13     | 17755 ||| FLEEEEING.
 17757 | D:13     | 17757 ||| FLEEEEING.
 17759 | D:13     | 17759 ||| FLEEEEING.
 17777 | D:13     | 17777 ||| DRINKING 2 potions of curing.
 17777 | D:13     | 17777 ||| (to cure confusion)
 17781 | D:13     | Reached skill level 13 in Fighting
 17831 | D:13     | 17831 ||| RETREATING.
 17833 | D:13     | 17833 ||| Stepping ~*~*~tactically~*~*~ (outnumbered).
 17836 | D:13     | 17836 ||| Stepping ~*~*~tactically~*~*~ (outnumbered).
 17846 | D:13     | 17846 ||| INVOKING Heroism.
 17856 | D:13     | HP: 10/98 [centaur warrior/arrow (18)]
 17857 | D:13     | 17857 ||| READING 3 scrolls of teleportation.
 17858 | D:13     | 17858 ||| DRINKING 5 potions of heal wounds.
 17900 | D:13     | Identified the amulet of the Komtur {Spirit Harm +Blink
                  | Str-3 Int+2 Dex+5}
 17948 | D:13     | Found a runed translucent door.
 17949 | D:13     | Found a runed translucent door.
 17957 | D:13     | Identified the amulet of Summertime {Reflect Str+4 SH+5}
 17969 | D:13     | Identified the ring of Asissair {Contam rElec rPois Int+6
                  | Dex+8}
 17972 | D:13     | Identified the ring of Jeikkid {Will+ rCorr Int+5}
 18119 | D:13     | Received a gift from Okawaru
 18137 | D:13     | Identified the ring "Pepirye" {Fly rN++ rCorr Str-5 Int-3}
 18148 | D:13     | 18148 ||| DROPPING ring of protection from fire.
 18149 | D:13     | 18149 ||| DROPPING ring of positive energy.
 18150 | D:13     | 18150 ||| DROPPING ring of wizardry.
 18151 | D:13     | 18151 ||| UPGRADING to ring of Asissair {Contam rElec rPois
                  | Int+6 Dex+8}.
 18153 | D:13     | 18153 ||| DROPPING ring of Jeikkid {Will+ rCorr Int+5}.
 18154 | D:13     | 18154 ||| DROPPING ring "Pepirye" {Fly rN++ rCorr Str-5
                  | Int-3}.
 18155 | D:13     | 18155 ||| DROPPING ring of willpower.
 18233 | D:14     | Identified the +7 longbow of Trial by Ordeal {flame, rPois
                  | Str+6 Stlth-} (Okawaru gifted it to you on level 14 of the
                  | Dungeon)
 18233 | D:14     | Received a gift from Okawaru
 18235 | D:14     | 18235 ||| SWAPPING to +7 longbow of Trial by Ordeal {flame,
                  | rPois Str+6 Stlth-}.
 18236 | D:14     | 18236 ||| DROPPING +2 longbow of flaming.
 18475 | D:14     | 18475 ||| RETREATING.
 18535 | D:14     | 18535 ||| INVOKING Finesse.
 18585 | D:14     | Found a gate to the Vaults.
 18767 | D:15     | Entered Level 15 of the Dungeon
 18819 | D:15     | 18819 ||| FLEEEEING.
 18821 | D:15     | 18821 ||| FLEEEEING.
 18822 | D:15     | 18822 ||| FLEEEEING.
 18823 | D:15     | 18823 ||| FLEEEEING.
 18824 | D:15     | 18824 ||| FLEEEEING.
 18825 | D:15     | 18825 ||| FLEEEEING.
 18826 | D:15     | 18826 ||| FLEEEEING.
 18827 | D:15     | 18827 ||| FLEEEEING.
 18828 | D:15     | 18828 ||| FLEEEEING.
 18829 | D:15     | 18829 ||| FLEEEEING.
 18830 | D:15     | 18830 ||| FLEEEEING.
 18831 | D:15     | 18831 ||| FLEEEEING.
 18832 | D:15     | 18832 ||| RETREATING.
 18833 | D:15     | 18833 ||| Stepping ~*~*~tactically~*~*~ (retreating).
 18834 | D:15     | 18834 ||| Stepping ~*~*~tactically~*~*~ (retreating).
 18835 | D:15     | 18835 ||| Stepping ~*~*~tactically~*~*~ (retreating).
 18836 | D:15     | 18836 ||| Stepping ~*~*~tactically~*~*~ (retreating).
 18837 | D:15     | 18837 ||| Stepping ~*~*~tactically~*~*~ (retreating).
 18839 | D:15     | 18839 ||| Stepping ~*~*~tactically~*~*~ (retreating).
 18840 | D:15     | 18840 ||| Stepping ~*~*~tactically~*~*~ (retreating).
 18841 | D:15     | 18841 ||| Stepping ~*~*~tactically~*~*~ (retreating).
 18842 | D:15     | 18842 ||| Stepping ~*~*~tactically~*~*~ (retreating).
 18843 | D:15     | 18843 ||| Stepping ~*~*~tactically~*~*~ (retreating).
 18844 | D:15     | Noticed Rupert
 18844 | D:15     | 18844 ||| Stepping ~*~*~tactically~*~*~ (retreating).
 18845 | D:15     | 18845 ||| Stepping ~*~*~tactically~*~*~ (retreating).
 18846 | D:15     | 18846 ||| Stepping ~*~*~tactically~*~*~ (retreating).
 18847 | D:15     | 18847 ||| Stepping ~*~*~tactically~*~*~ (retreating).
 18848 | D:15     | 18848 ||| Stepping ~*~*~tactically~*~*~ (retreating).
 18849 | D:15     | 18849 ||| Stepping ~*~*~tactically~*~*~ (retreating).
 18850 | D:15     | 18850 ||| Stepping ~*~*~tactically~*~*~ (retreating).
 18850 | D:15     | HP: 20/98 [six-headed hydra (14)]
 18851 | D:15     | 18851 ||| READING 2 scrolls of teleportation.
 18851 | D:15     | HP: 9/98 [six-headed hydra (12)]
 18851 | D:15     | HP: 3/98 [six-headed hydra (6)]
 18852 | D:15     | 18852 ||| DRINKING 6 potions of heal wounds.
 18853 | D:15     | 18853 ||| Stepping ~*~*~tactically~*~*~ (retreating).
 18854 | D:15     | 18854 ||| Stepping ~*~*~tactically~*~*~ (retreating).
 18855 | D:15     | 18855 ||| Stepping ~*~*~tactically~*~*~ (retreating).
 18924 | D:15     | 18924 ||| RETREATING.
 18967 | D:15     | Identified the +6 hand axe of Traps {heavy, *Slow +Blink
                  | Int+3 SInv}
 19012 | D:15     | 19012 ||| FLEEEEING.
 19013 | D:15     | 19013 ||| FLEEEEING.
 19014 | D:15     | 19014 ||| FLEEEEING.
 19017 | D:15     | 19017 ||| FLEEEEING.
 19018 | D:15     | 19018 ||| FLEEEEING.
 19019 | D:15     | 19019 ||| FLEEEEING.
 19020 | D:15     | 19020 ||| FLEEEEING.
 19021 | D:15     | 19021 ||| FLEEEEING.
 19022 | D:15     | 19022 ||| FLEEEEING.
 19023 | D:15     | 19023 ||| FLEEEEING.
 19024 | D:15     | 19024 ||| FLEEEEING.
 19054 | D:15     | 19054 ||| DRINKING 3 potions of curing.
 19054 | D:15     | 19054 ||| (to cure confusion)
 19055 | D:15     | 19055 ||| RETREATING.
 19059 | D:15     | 19059 ||| INVOKING Heroism.
 19060 | D:15     | 19060 ||| INVOKING Finesse.
 19061 | D:15     | 19061 ||| Stepping ~*~*~tactically~*~*~ (retreating).
 19062 | D:15     | 19062 ||| Stepping ~*~*~tactically~*~*~ (retreating).
 19063 | D:15     | 19063 ||| Stepping ~*~*~tactically~*~*~ (retreating).
 19064 | D:15     | 19064 ||| Stepping ~*~*~tactically~*~*~ (retreating).
 19065 | D:15     | 19065 ||| Stepping ~*~*~tactically~*~*~ (retreating).
 19066 | D:15     | 19066 ||| Stepping ~*~*~tactically~*~*~ (retreating).
 19067 | D:15     | 19067 ||| Stepping ~*~*~tactically~*~*~ (retreating).
 19068 | D:15     | 19068 ||| Stepping ~*~*~tactically~*~*~ (retreating).
 19069 | D:15     | 19069 ||| Stepping ~*~*~tactically~*~*~ (retreating).
 19070 | D:15     | 19070 ||| Stepping ~*~*~tactically~*~*~ (retreating).
 19071 | D:15     | 19071 ||| Stepping ~*~*~tactically~*~*~ (retreating).
 19072 | D:15     | 19072 ||| Stepping ~*~*~tactically~*~*~ (retreating).
 19073 | D:15     | 19073 ||| Stepping ~*~*~tactically~*~*~ (retreating).
 19073 | D:15     | HP: 10/98 [Rupert/+4 battleaxe of freezing (36)]
 19073 | D:15     | HP: 3/98 [Rupert/+4 battleaxe of freezing (7)]
 19074 | D:15     | 19074 ||| READING scroll of teleportation.
 19075 | D:15     | 19075 ||| DRINKING 5 potions of heal wounds.
 19076 | D:15     | 19076 ||| DRINKING 4 potions of heal wounds.
 19077 | D:15     | 19077 ||| Stepping ~*~*~tactically~*~*~ (retreating).
 19078 | D:15     | 19078 ||| Stepping ~*~*~tactically~*~*~ (retreating).
 19079 | D:15     | 19079 ||| Stepping ~*~*~tactically~*~*~ (retreating).
 19080 | D:15     | 19080 ||| Stepping ~*~*~tactically~*~*~ (retreating).
 19081 | D:15     | 19081 ||| Stepping ~*~*~tactically~*~*~ (retreating).
 19082 | D:15     | 19082 ||| Stepping ~*~*~tactically~*~*~ (retreating).
 19083 | D:15     | 19083 ||| Stepping ~*~*~tactically~*~*~ (retreating).
 19084 | D:15     | 19084 ||| Stepping ~*~*~tactically~*~*~ (retreating).
 19085 | D:15     | 19085 ||| Stepping ~*~*~tactically~*~*~ (retreating).
 19086 | D:15     | 19086 ||| Stepping ~*~*~tactically~*~*~ (retreating).
 19087 | D:15     | 19087 ||| Stepping ~*~*~tactically~*~*~ (retreating).
 19105 | D:15     | Identified the +2 gold dragon scales of Vanity {rPois rF+
                  | rC+ Int+2} (Okawaru gifted it to you on level 15 of the
                  | Dungeon)
 19105 | D:15     | Received a gift from Okawaru
 19126 | D:15     | 19126 ||| FLEEEEING.
 19134 | D:15     | 19134 ||| STAIRDANCE
 19181 | D:15     | Found a staircase to the Depths.
 19192 | D:15     | Reached ****** piety under Okawaru
 19254 | D:15     | 19254 ||| INVOKING Heroism.
 19255 | D:15     | 19255 ||| INVOKING Finesse.
 19260 | D:15     | Killed Rupert
 19261 | D:15     | Reached XP level 16. HP: 104/104 MP: 6/23
 19702 | D:15     | 19702 ||| PLANNING ORC
 19702 | D:15     | 19702 ||| DRINKING 2 black potions.
 19812 | Orc:1    | Entered Level 1 of the Orcish Mines
 19889 | Orc:1    | Found Yrchaqe's Weapon Emporium.
 19924 | Orc:1    | 19924 ||| INVOKING Heroism.
 20133 | Orc:2    | Entered Level 2 of the Orcish Mines
 20134 | Orc:2    | 20134 ||| PLANNING GAUNTLET
 20185 | Orc:2    | Found a staircase to the Elven Halls.
 20247 | Orc:2    | 20247 ||| INVOKING Heroism.
 20250 | Orc:2    | 20250 ||| RETREATING.
 20256 | Orc:2    | 20256 ||| Stepping ~*~*~tactically~*~*~ (outnumbered).
 20304 | Orc:2    | Found a runed translucent door.
 20304 | Orc:2    | Noticed qw's ghost (journeyman GrFi)
 20393 | Orc:2    | 20393 ||| Stepping ~*~*~tactically~*~*~ (outnumbered).
 20395 | Orc:2    | 20395 ||| Stepping ~*~*~tactically~*~*~ (outnumbered).
 20397 | Orc:2    | 20397 ||| Stepping ~*~*~tactically~*~*~ (outnumbered).
 20440 | Orc:2    | 20440 ||| INVOKING Heroism.
 20454 | Orc:2    | Identified the +1 kite shield of Absence {rF+}
 20454 | Orc:2    | Noticed Donald
 20455 | Orc:2    | 20455 ||| INVOKING Finesse.
 20464 | Orc:2    | Killed Donald
 20520 | Orc:2    | Found Figg's General Store.
 20520 | Orc:2    | Found Mokaf's Armour Boutique.
 20521 | Orc:2    | Found Xowkiracw's Weapon Boutique.
 20525 | Orc:2    | 20525 ||| Stepping ~*~*~tactically~*~*~ (outnumbered).
 20527 | Orc:2    | 20527 ||| Stepping ~*~*~tactically~*~*~ (outnumbered).
 20530 | Orc:2    | 20530 ||| INVOKING Heroism.
 20532 | Orc:2    | 20532 ||| Stepping ~*~*~tactically~*~*~ (outnumbered).
 20550 | Orc:2    | Found Igalatagg's General Store.
 20552 | Orc:2    | 20552 ||| BUYING +2 cloak of preservation (258 gold).
 20552 | Orc:2    | Bought a +2 cloak of preservation for 258 gold pieces
 20552 | Orc:2    | 20552 ||| BUYING potion of heal wounds (60 gold).
 20552 | Orc:2    | Bought a potion of heal wounds for 60 gold pieces
 20553 | Orc:2    | 20553 ||| BUYING +3 crown of Dyrovepreva {rElec Int+2 SInv}
                  | (579 gold).
 20553 | Orc:2    | Bought the +3 crown of Dyrovepreva {rElec Int+2 SInv} for
                  | 579 gold pieces
 20553 | Orc:2    | Found the +3 crown of Dyrovepreva {rElec Int+2 SInv}
 20553 | Orc:2    | 20553 ||| BUYING potion of curing (42 gold).
 20553 | Orc:2    | Bought a potion of curing for 42 gold pieces
 20553 | Orc:2    | 20553 ||| BUYING scroll of identify (28 gold).
 20553 | Orc:2    | Bought a scroll of identify for 28 gold pieces
 20559 | Orc:2    | 20559 ||| UPGRADING to +2 cloak of preservation.
 20569 | Orc:2    | 20569 ||| DROPPING +0 cloak.
 20570 | Orc:2    | 20570 ||| UPGRADING to +3 crown of Dyrovepreva {rElec Int+2
                  | SInv}.
 20641 | Orc:2    | Found a gate leading to a gauntlet.
 20650 | Gauntlet | Entered a Gauntlet
 20650 | Gauntlet | Found a transporter.
 20650 | Gauntlet | Found a transporter.
 20650 | Gauntlet | Found a transporter.
 20662 | Gauntlet | Found a transporter.
 20665 | Gauntlet | Found a transporter.
 20671 | Gauntlet | Found a runed translucent gate.
 20671 | Gauntlet | Found a runed translucent gate.
 20671 | Gauntlet | Found a runed translucent gate.
 20673 | Gauntlet | Found a transporter.
 20676 | Gauntlet | Found a transporter.
 20686 | Gauntlet | Found a transporter.
 20704 | Gauntlet | Found a transporter.
 20724 | Gauntlet | Found a transporter.
 20726 | Gauntlet | Found a transporter.
 20736 | Gauntlet | Found a transporter.
 20859 | Gauntlet | 20859 ||| Stepping ~*~*~tactically~*~*~ (retreating).
 20860 | Gauntlet | 20860 ||| Stepping ~*~*~tactically~*~*~ (retreating).
 20877 | Gauntlet | Received a gift from Okawaru
 20877 | Gauntlet | Found the +2 hood of the Assassin {Detect Stab+ Stlth++}
 20898 | Gauntlet | 20898 ||| DROPPING +6 ring of strength.
 20907 | Gauntlet | Found the +0 mask of the Dragon {Will+ Slay+3 SInv}
 20908 | Gauntlet | 20908 ||| INVOKING Heroism.
 20919 | Gauntlet | Reached skill level 14 in Fighting
 20933 | Gauntlet | Identified the +0 leather armour of Hedonism {-Tele Will+
                  | Regen+ Int+8}
 20969 | Gauntlet | 20969 ||| UPGRADING to +0 mask of the Dragon {Will+ Slay+3
                  | SInv}.
 20979 | Gauntlet | 20979 ||| DROPPING +3 crown of Dyrovepreva {rElec Int+2
                  | SInv}.
 20980 | Gauntlet | 20980 ||| DROPPING +6 ring of intelligence.
 20992 | Orc:2    | 20992 ||| PLANNING ORC
 21030 | Orc:1    | 21030 ||| Stepping ~*~*~tactically~*~*~ (retreating).
 21035 | Orc:1    | 21035 ||| INVOKING Heroism.
 21140 | Orc:2    | 21140 ||| INVOKING Heroism.
 21197 | Orc:2    | 21197 ||| Stepping ~*~*~tactically~*~*~ (outnumbered).
 21200 | Orc:2    | 21200 ||| Stepping ~*~*~tactically~*~*~ (outnumbered).
 21374 | Orc:2    | 21374 ||| PLANNING SNAKE:1-3
 21669 | Snake:1  | Entered Level 1 of the Snake Pit
 21672 | Snake:1  | 21672 ||| Stepping ~*~*~tactically~*~*~ (retreating).
 21673 | Snake:1  | 21673 ||| RETREATING.
 21675 | Snake:1  | 21675 ||| Stepping ~*~*~tactically~*~*~ (retreating).
 21676 | Snake:1  | 21676 ||| Stepping ~*~*~tactically~*~*~ (retreating).
 21677 | Snake:1  | 21677 ||| Stepping ~*~*~tactically~*~*~ (retreating).
 21690 | Snake:1  | Reached skill level 9 in Armour
 21941 | Snake:1  | 21941 ||| RETREATING.
 22086 | Snake:1  | 22086 ||| INVOKING Heroism.
 22213 | Snake:1  | Found Sakyprat's Distillery.
 22215 | Snake:1  | Found Afewedif's Weapon Emporium.
 22224 | Snake:1  | Reached skill level 15 in Fighting
 22228 | Snake:1  | 22228 ||| BUYING potion of curing (45 gold).
 22228 | Snake:1  | Bought a potion of curing for 45 gold pieces
 22228 | Snake:1  | 22228 ||| BUYING potion of curing (45 gold).
 22228 | Snake:1  | Bought a potion of curing for 45 gold pieces
 22228 | Snake:1  | 22228 ||| BUYING potion of heal wounds (75 gold).
 22228 | Snake:1  | Bought a potion of heal wounds for 75 gold pieces
 22232 | Snake:1  | Found Daschi Tegeo's General Store.
 22234 | Snake:1  | Found Nofuef's Jewellery Emporium.
 22238 | Snake:1  | 22238 ||| BUYING scroll of teleportation (39 gold).
 22238 | Snake:1  | Bought a scroll of teleportation for 39 gold pieces
 22243 | Snake:1  | 22243 ||| BUYING ring of Ignis's Outrage {rF+ rC+ Int-5
                  | Dex+2 SInv} (701 gold).
 22243 | Snake:1  | Bought the ring of Ignis's Outrage {rF+ rC+ Int-5 Dex+2
                  | SInv} for 701 gold pieces
 22436 | Snake:2  | Identified the +2 helmet "Wiprit" {rF- Int+4} (Okawaru
                  | gifted it to you on level 2 of the Snake Pit)
 22436 | Snake:2  | Received a gift from Okawaru
 22477 | Snake:2  | 22477 ||| Stepping ~*~*~tactically~*~*~ (outnumbered).
 22526 | Snake:2  | Identified the +2 robe of Precision Catastrophes {-Cast
                  | Regen+ Str+9 Dex-2}
 22613 | Snake:2  | Found Wuvypt's Antique Armour Boutique.
 22613 | Snake:2  | Found Ufoot's Book Shop.
 22623 | Snake:2  | 22623 ||| BUYING glowing ring mail (210 gold).
 22623 | Snake:2  | Bought a glowing ring mail for 210 gold pieces
 22623 | Snake:2  | 22623 ||| BUYING runed robe (111 gold).
 22623 | Snake:2  | Bought a runed robe for 111 gold pieces
 22623 | Snake:2  | 22623 ||| BUYING smoking leather armour (210 gold).
 22623 | Snake:2  | Bought a smoking leather armour for 210 gold pieces
 22623 | Snake:2  | Identified the +4 leather armour of the Cobbler {rElec
                  | Str+5 Stlth-} (You bought it in a shop on level 2 of the
                  | Snake Pit)
 22812 | Snake:2  | Gained mutation: You are occasionally teleported next to
                  | monsters. [mutagenic glow]
 22824 | Snake:2  | Gained mutation: You occasionally lose the ability to read
                  | scrolls when taking damage. [mutagenic glow]
 22836 | Snake:2  | Gained mutation: You are partially covered in iridescent
                  | scales. (AC +2) [mutagenic glow]
 22850 | Snake:2  | 22850 ||| DRINKING 3 potions of mutation.
 22850 | Snake:2  | Lost mutation: You are occasionally teleported next to
                  | monsters. [potion of mutation]
 22850 | Snake:2  | Lost mutation: You occasionally lose the ability to read
                  | scrolls when taking damage. [potion of mutation]
 22850 | Snake:2  | Gained mutation: You have a pair of small horns on your
                  | head. [potion of mutation]
 22850 | Snake:2  | Gained mutation: You are frail. (-10% HP) [potion of
                  | mutation]
 22850 | Snake:2  | Lost mutation: You are frail. (-10% HP) [potion of
                  | mutation]
 22975 | Snake:2  | Found Hynahe Ituu's Armour Boutique.
 23182 | Snake:2  | 23182 ||| DROPPING +2 helmet "Wiprit" {rF- Int+4}.
 23183 | Snake:2  | 23183 ||| DROPPING +2 robe of Precision Catastrophes {-Cast
                  | Regen+ Str+9 Dex-2}.
 23184 | Snake:2  | 23184 ||| DROPPING +0 ring mail of fire resistance.
 23185 | Snake:2  | 23185 ||| DROPPING +2 robe.
 23218 | Snake:3  | Reached skill level 12 in Dodging
 23225 | Snake:3  | 23225 ||| Stepping ~*~*~tactically~*~*~ (outnumbered).
 23227 | Snake:3  | 23227 ||| Stepping ~*~*~tactically~*~*~ (outnumbered).
 23229 | Snake:3  | 23229 ||| Stepping ~*~*~tactically~*~*~ (outnumbered).
 23232 | Snake:3  | 23232 ||| RETREATING.
 23233 | Snake:3  | 23233 ||| Stepping ~*~*~tactically~*~*~ (retreating).
 23235 | Snake:3  | Reached XP level 17. HP: 113/113 MP: 15/24
 23237 | Snake:3  | 23237 ||| Stepping ~*~*~tactically~*~*~ (outnumbered).
 23244 | Snake:3  | 23244 ||| RETREATING.
 23245 | Snake:3  | 23245 ||| Stepping ~*~*~tactically~*~*~ (retreating).
 23246 | Snake:3  | 23246 ||| Stepping ~*~*~tactically~*~*~ (retreating).
 23250 | Snake:3  | 23250 ||| Stepping ~*~*~tactically~*~*~ (retreating).
 23251 | Snake:3  | 23251 ||| Stepping ~*~*~tactically~*~*~ (retreating).
 23254 | Snake:3  | 23254 ||| INVOKING Heroism.
 23257 | Snake:3  | 23257 ||| Stepping ~*~*~tactically~*~*~ (outnumbered).
 23286 | Snake:3  | Identified the +9 orcbow of Disaster {heavy, Int+3}
 23300 | Snake:3  | 23300 ||| Stepping ~*~*~tactically~*~*~ (outnumbered).
 23304 | Snake:3  | 23304 ||| Stepping ~*~*~tactically~*~*~ (outnumbered).
 23306 | Snake:3  | 23306 ||| RETREATING.
 23384 | Snake:3  | 23384 ||| Stepping ~*~*~tactically~*~*~ (retreating).
 23385 | Snake:3  | 23385 ||| Stepping ~*~*~tactically~*~*~ (retreating).
 23386 | Snake:3  | 23386 ||| Stepping ~*~*~tactically~*~*~ (retreating).
 23387 | Snake:3  | 23387 ||| Stepping ~*~*~tactically~*~*~ (retreating).
 23388 | Snake:3  | 23388 ||| Stepping ~*~*~tactically~*~*~ (retreating).
 23389 | Snake:3  | 23389 ||| Stepping ~*~*~tactically~*~*~ (retreating).
 23390 | Snake:3  | 23390 ||| Stepping ~*~*~tactically~*~*~ (retreating).
 23391 | Snake:3  | 23391 ||| Stepping ~*~*~tactically~*~*~ (retreating).
 23392 | Snake:3  | 23392 ||| Stepping ~*~*~tactically~*~*~ (retreating).
 23393 | Snake:3  | 23393 ||| Stepping ~*~*~tactically~*~*~ (retreating).
 23394 | Snake:3  | 23394 ||| Stepping ~*~*~tactically~*~*~ (retreating).
 23396 | Snake:3  | 23396 ||| Stepping ~*~*~tactically~*~*~ (outnumbered).
 23397 | Snake:3  | 23397 ||| Stepping ~*~*~tactically~*~*~ (outnumbered).
 23409 | Snake:3  | 23409 ||| Stepping ~*~*~tactically~*~*~ (outnumbered).
 23445 | Snake:3  | 23445 ||| Stepping ~*~*~tactically~*~*~ (retreating).
 23446 | Snake:3  | 23446 ||| Stepping ~*~*~tactically~*~*~ (retreating).
 23450 | Snake:3  | 23450 ||| Stepping ~*~*~tactically~*~*~ (retreating).
 23451 | Snake:3  | 23451 ||| Stepping ~*~*~tactically~*~*~ (retreating).
 23456 | Snake:3  | 23456 ||| Stepping ~*~*~tactically~*~*~ (retreating).
 23457 | Snake:3  | 23457 ||| Stepping ~*~*~tactically~*~*~ (retreating).
 23459 | Snake:3  | 23459 ||| Stepping ~*~*~tactically~*~*~ (retreating).
 23489 | Snake:3  | 23489 ||| RETREATING.
 23495 | Snake:3  | 23495 ||| Stepping ~*~*~tactically~*~*~ (retreating).
 23496 | Snake:3  | 23496 ||| Stepping ~*~*~tactically~*~*~ (retreating).
 23497 | Snake:3  | 23497 ||| Stepping ~*~*~tactically~*~*~ (retreating).
 23498 | Snake:3  | 23498 ||| Stepping ~*~*~tactically~*~*~ (retreating).
 23499 | Snake:3  | 23499 ||| Stepping ~*~*~tactically~*~*~ (retreating).
 23505 | Snake:3  | Reached skill level 16 in Fighting
 23591 | Snake:3  | 23591 ||| INVOKING Heroism.
 23810 | Snake:3  | 23810 ||| RETREATING.
 23811 | Snake:3  | 23811 ||| Stepping ~*~*~tactically~*~*~ (outnumbered).
 23813 | Snake:3  | 23813 ||| INVOKING Heroism.
 23817 | Snake:3  | 23817 ||| RETREATING.
 23849 | Snake:3  | 23849 ||| INVOKING Heroism.
 23852 | Snake:3  | 23852 ||| RETREATING.
 23855 | Snake:3  | 23855 ||| Stepping ~*~*~tactically~*~*~ (outnumbered).
 23868 | Snake:3  | Received a gift from Okawaru
 23889 | Snake:3  | 23889 ||| RETREATING.
 23891 | Snake:3  | 23891 ||| Stepping ~*~*~tactically~*~*~ (outnumbered).
 24196 | Snake:3  | 24196 ||| INVOKING Heroism.
 24493 | Snake:3  | 24493 ||| PLANNING SWAMP:1-3
 24493 | Snake:3  | 24493 ||| DROPPING ring of magical power.
 24632 | Swamp:1  | Entered Level 1 of the Swamp
 24633 | Swamp:1  | 24633 ||| STAIRDANCE
 24641 | Swamp:1  | 24641 ||| STAIRDANCE
 24646 | Swamp:1  | 24646 ||| STAIRDANCE
 24653 | Swamp:1  | 24653 ||| STAIRDANCE
 24668 | Swamp:1  | 24668 ||| INVOKING Heroism.
 24670 | Swamp:1  | Reached skill level 17 in Fighting
 24737 | Swamp:1  | 24737 ||| INVOKING Heroism.
 24832 | Swamp:1  | 24832 ||| INVOKING Heroism.
 24833 | Swamp:1  | 24833 ||| INVOKING Finesse.
 24930 | Swamp:1  | 24930 ||| INVOKING Heroism.
 24932 | Swamp:1  | 24932 ||| Stepping ~*~*~tactically~*~*~ (outnumbered).
 25236 | Swamp:2  | 25236 ||| RETREATING.
 25242 | Swamp:2  | 25242 ||| Stepping ~*~*~tactically~*~*~ (retreating).
 25243 | Swamp:2  | 25243 ||| Stepping ~*~*~tactically~*~*~ (retreating).
 25244 | Swamp:2  | 25244 ||| Stepping ~*~*~tactically~*~*~ (retreating).
 25245 | Swamp:2  | 25245 ||| Stepping ~*~*~tactically~*~*~ (retreating).
 25254 | Swamp:2  | Received a gift from Okawaru
 25368 | Swamp:2  | 25368 ||| INVOKING Heroism.
 25376 | Swamp:2  | 25376 ||| RETREATING.
 25384 | Swamp:2  | Noticed Aizul
 25385 | Swamp:2  | 25385 ||| INVOKING Finesse.
 25399 | Swamp:2  | Killed Aizul
 25451 | Swamp:2  | 25451 ||| Stepping ~*~*~tactically~*~*~ (retreating).
 25452 | Swamp:2  | 25452 ||| Stepping ~*~*~tactically~*~*~ (retreating).
 25453 | Swamp:2  | 25453 ||| Stepping ~*~*~tactically~*~*~ (retreating).
 25454 | Swamp:2  | 25454 ||| Stepping ~*~*~tactically~*~*~ (retreating).
 25455 | Swamp:2  | 25455 ||| Stepping ~*~*~tactically~*~*~ (retreating).
 25456 | Swamp:2  | 25456 ||| Stepping ~*~*~tactically~*~*~ (retreating).
 25483 | Swamp:2  | 25483 ||| Stepping ~*~*~tactically~*~*~ (retreating).
 25493 | Swamp:2  | 25493 ||| Stepping ~*~*~tactically~*~*~ (retreating).
 25496 | Swamp:2  | 25496 ||| INVOKING Heroism.
 25499 | Swamp:2  | 25499 ||| Stepping ~*~*~tactically~*~*~ (cloud).
 25647 | Swamp:2  | 25647 ||| INVOKING Heroism.
 25707 | Swamp:2  | Found a runed translucent door.
 25708 | Swamp:2  | Noticed Zoigrime's ghost (adept FoFi)
 25817 | Swamp:2  | 25817 ||| DROPPING +2 pair of gloves.
 25837 | Swamp:3  | 25837 ||| STAIRDANCE
 25874 | Swamp:3  | 25874 ||| STAIRDANCE
 25917 | Swamp:3  | 25917 ||| INVOKING Heroism.
 26039 | Swamp:3  | Reached XP level 18. HP: 123/124 MP: 16/25
 26115 | Swamp:3  | Reached skill level 18 in Fighting
 26376 | Swamp:3  | 26376 ||| PLANNING SNAKE:4
 26376 | Swamp:3  | 26376 ||| DROPPING ring of resist corrosion.
 26557 | Snake:4  | Entered Level 4 of the Snake Pit
 26592 | Snake:4  | 26592 ||| RETREATING.
 26593 | Snake:4  | 26593 ||| Stepping ~*~*~tactically~*~*~ (retreating).
 26594 | Snake:4  | 26594 ||| Stepping ~*~*~tactically~*~*~ (retreating).
 26595 | Snake:4  | 26595 ||| Stepping ~*~*~tactically~*~*~ (retreating).
 26596 | Snake:4  | 26596 ||| Stepping ~*~*~tactically~*~*~ (retreating).
 26597 | Snake:4  | 26597 ||| Stepping ~*~*~tactically~*~*~ (retreating).
 26598 | Snake:4  | 26598 ||| Stepping ~*~*~tactically~*~*~ (retreating).
 26599 | Snake:4  | 26599 ||| Stepping ~*~*~tactically~*~*~ (retreating).
 26600 | Snake:4  | 26600 ||| Stepping ~*~*~tactically~*~*~ (retreating).
 26602 | Snake:4  | 26602 ||| Stepping ~*~*~tactically~*~*~ (retreating).
 26603 | Snake:4  | 26603 ||| STAIRDANCE
 26616 | Snake:4  | 26616 ||| RETREATING.
 26617 | Snake:4  | 26617 ||| Stepping ~*~*~tactically~*~*~ (outnumbered).
 26625 | Snake:4  | 26625 ||| Stepping ~*~*~tactically~*~*~ (retreating).
 26626 | Snake:4  | 26626 ||| Stepping ~*~*~tactically~*~*~ (retreating).
 26627 | Snake:4  | 26627 ||| Stepping ~*~*~tactically~*~*~ (retreating).
 26628 | Snake:4  | 26628 ||| STAIRDANCE
 26642 | Snake:4  | 26642 ||| PLANNING D:1-11
 26887 | D:4      | 26887 ||| PLANNING LAIR
 27046 | Lair:5   | 27046 ||| PLANNING D:1-11
 27322 | D:11     | 27322 ||| PLANNING D
 27376 | D:15     | 27376 ||| PLANNING ORC
 27565 | Orc:2    | 27565 ||| PLANNING SNAKE:1-3
 27918 | Snake:3  | 27918 ||| PLANNING SWAMP:1-3
 28102 | Swamp:3  | 28102 ||| PLANNING SNAKE:4
 28316 | Snake:4  | 28316 ||| Stepping ~*~*~tactically~*~*~ (outnumbered).
 28539 | Snake:4  | Received a gift from Okawaru
 28685 | Snake:4  | 28685 ||| DROPPING scarf of shadows.
 28701 | Snake:4  | 28701 ||| Stepping ~*~*~tactically~*~*~ (outnumbered).
 28705 | Snake:4  | 28705 ||| Stepping ~*~*~tactically~*~*~ (outnumbered).
 28707 | Snake:4  | 28707 ||| RETREATING.
 28708 | Snake:4  | 28708 ||| Stepping ~*~*~tactically~*~*~ (outnumbered).
 28709 | Snake:4  | 28709 ||| INVOKING Heroism.
 28714 | Snake:4  | 28714 ||| Stepping ~*~*~tactically~*~*~ (retreating).
 28715 | Snake:4  | 28715 ||| Stepping ~*~*~tactically~*~*~ (retreating).
 28716 | Snake:4  | 28716 ||| Stepping ~*~*~tactically~*~*~ (retreating).
 28717 | Snake:4  | 28717 ||| Stepping ~*~*~tactically~*~*~ (retreating).
 28718 | Snake:4  | 28718 ||| Stepping ~*~*~tactically~*~*~ (retreating).
 28722 | Snake:4  | 28722 ||| Stepping ~*~*~tactically~*~*~ (retreating).
 28723 | Snake:4  | 28723 ||| Stepping ~*~*~tactically~*~*~ (retreating).
 28724 | Snake:4  | 28724 ||| Stepping ~*~*~tactically~*~*~ (retreating).
 28725 | Snake:4  | 28725 ||| Stepping ~*~*~tactically~*~*~ (retreating).
 28821 | Snake:4  | 28821 ||| INVOKING Heroism.
 29112 | Snake:4  | 29112 ||| INVOKING Heroism.
 29126 | Snake:4  | 29126 ||| RETREATING.
 29182 | Snake:4  | 29182 ||| FLEEEEING.
 29183 | Snake:4  | 29183 ||| FLEEEEING.
 29185 | Snake:4  | 29185 ||| FLEEEEING.
 29198 | Snake:4  | 29198 ||| INVOKING Heroism.
 29267 | Snake:4  | 29267 ||| INVOKING Heroism.
 29302 | Snake:4  | 29302 ||| Stepping ~*~*~tactically~*~*~ (retreating).
 29306 | Snake:4  | 29306 ||| Stepping ~*~*~tactically~*~*~ (outnumbered).
 29375 | Snake:4  | 29375 ||| Stepping ~*~*~tactically~*~*~ (retreating).
 29379 | Snake:4  | 29379 ||| Stepping ~*~*~tactically~*~*~ (retreating).
 29448 | Snake:4  | Got a serpentine rune of Zot
 29582 | Snake:4  | 29582 ||| PLANNING VAULTS:1-4
 29968 | Vaults:1 | Entered Level 1 of the Vaults
 29993 | Vaults:1 | 29993 ||| INVOKING Heroism.
 29995 | Vaults:1 | 29995 ||| INVOKING Finesse.
 30000 | Vaults:1 | Reached skill level 19 in Fighting
 30249 | Vaults:1 | 30249 ||| INVOKING Heroism.
 30250 | Vaults:1 | 30250 ||| INVOKING Finesse.
 30355 | Vaults:1 | 30355 ||| Stepping ~*~*~tactically~*~*~ (outnumbered).
 30357 | Vaults:1 | 30357 ||| Stepping ~*~*~tactically~*~*~ (outnumbered).
 30420 | Vaults:1 | 30420 ||| FLEEEEING.
 30421 | Vaults:1 | 30421 ||| FLEEEEING.
 30422 | Vaults:1 | 30422 ||| FLEEEEING.
 30423 | Vaults:1 | 30423 ||| FLEEEEING.
 30424 | Vaults:1 | 30424 ||| FLEEEEING.
 30425 | Vaults:1 | 30425 ||| FLEEEEING.
 30426 | Vaults:1 | 30426 ||| FLEEEEING.
 30427 | Vaults:1 | 30427 ||| FLEEEEING.
 30481 | Vaults:1 | 30481 ||| RETREATING.
 30485 | Vaults:1 | 30485 ||| Stepping ~*~*~tactically~*~*~ (retreating).
 30487 | Vaults:1 | 30487 ||| INVOKING Heroism.
 30488 | Vaults:1 | 30488 ||| INVOKING Finesse.
 30500 | Vaults:1 | 30500 ||| Stepping ~*~*~tactically~*~*~ (retreating).
 30501 | Vaults:1 | 30501 ||| Stepping ~*~*~tactically~*~*~ (retreating).
 30503 | Vaults:1 | 30503 ||| Stepping ~*~*~tactically~*~*~ (retreating).
 30504 | Vaults:1 | 30504 ||| Stepping ~*~*~tactically~*~*~ (retreating).
 30505 | Vaults:1 | 30505 ||| Stepping ~*~*~tactically~*~*~ (retreating).
 30506 | Vaults:1 | 30506 ||| Stepping ~*~*~tactically~*~*~ (retreating).
 30508 | Vaults:1 | 30508 ||| Stepping ~*~*~tactically~*~*~ (retreating).
 30509 | Vaults:1 | 30509 ||| Stepping ~*~*~tactically~*~*~ (retreating).
 30510 | Vaults:1 | 30510 ||| Stepping ~*~*~tactically~*~*~ (retreating).
 30523 | Vaults:1 | Reached XP level 19. HP: 128/132 MP: 12/26
 30526 | Vaults:1 | 30526 ||| Stepping ~*~*~tactically~*~*~ (retreating).
 30531 | Vaults:1 | 30531 ||| Stepping ~*~*~tactically~*~*~ (retreating).
 30534 | Vaults:1 | 30534 ||| Stepping ~*~*~tactically~*~*~ (outnumbered).
 30535 | Vaults:1 | 30535 ||| Stepping ~*~*~tactically~*~*~ (retreating).
 30537 | Vaults:1 | 30537 ||| Stepping ~*~*~tactically~*~*~ (retreating).
 30538 | Vaults:1 | 30538 ||| Stepping ~*~*~tactically~*~*~ (retreating).
 30539 | Vaults:1 | 30539 ||| Stepping ~*~*~tactically~*~*~ (retreating).
 30540 | Vaults:1 | 30540 ||| Stepping ~*~*~tactically~*~*~ (retreating).
 30541 | Vaults:1 | 30541 ||| Stepping ~*~*~tactically~*~*~ (retreating).
 30542 | Vaults:1 | 30542 ||| Stepping ~*~*~tactically~*~*~ (retreating).
 30555 | Vaults:1 | 30555 ||| Stepping ~*~*~tactically~*~*~ (retreating).
 30558 | Vaults:1 | 30558 ||| Stepping ~*~*~tactically~*~*~ (retreating).
 30559 | Vaults:1 | 30559 ||| Stepping ~*~*~tactically~*~*~ (retreating).
 30560 | Vaults:1 | 30560 ||| Stepping ~*~*~tactically~*~*~ (retreating).
 30561 | Vaults:1 | 30561 ||| Stepping ~*~*~tactically~*~*~ (retreating).
 30562 | Vaults:1 | 30562 ||| Stepping ~*~*~tactically~*~*~ (retreating).
 30563 | Vaults:1 | 30563 ||| Stepping ~*~*~tactically~*~*~ (retreating).
 30564 | Vaults:1 | 30564 ||| Stepping ~*~*~tactically~*~*~ (retreating).
 30565 | Vaults:1 | 30565 ||| Stepping ~*~*~tactically~*~*~ (retreating).
 30566 | Vaults:1 | 30566 ||| Stepping ~*~*~tactically~*~*~ (retreating).
 30567 | Vaults:1 | 30567 ||| Stepping ~*~*~tactically~*~*~ (retreating).
 30568 | Vaults:1 | 30568 ||| Stepping ~*~*~tactically~*~*~ (retreating).
 30569 | Vaults:1 | 30569 ||| Stepping ~*~*~tactically~*~*~ (retreating).
 30570 | Vaults:1 | 30570 ||| INVOKING Heroism.
 30571 | Vaults:1 | 30571 ||| Stepping ~*~*~tactically~*~*~ (retreating).
 30572 | Vaults:1 | 30572 ||| Stepping ~*~*~tactically~*~*~ (retreating).
 30573 | Vaults:1 | 30573 ||| Stepping ~*~*~tactically~*~*~ (retreating).
 30574 | Vaults:1 | 30574 ||| Stepping ~*~*~tactically~*~*~ (retreating).
 30575 | Vaults:1 | 30575 ||| Stepping ~*~*~tactically~*~*~ (retreating).
 30576 | Vaults:1 | 30576 ||| Stepping ~*~*~tactically~*~*~ (retreating).
 30583 | Vaults:1 | Reached skill level 15 in Dodging
 30586 | Vaults:1 | 30586 ||| Stepping ~*~*~tactically~*~*~ (outnumbered).
 30593 | Vaults:1 | 30593 ||| INVOKING Heroism.
 30597 | Vaults:1 | Received a gift from Okawaru
 30621 | Vaults:1 | Reached skill level 12 in Armour
 30646 | Vaults:1 | Received a gift from Okawaru
 30827 | Vaults:1 | Found Riot's Jewellery Shoppe.
 31348 | Vaults:1 | 31348 ||| DROPPING +4 ring mail.
 31349 | Vaults:1 | 31349 ||| DROPPING amulet of reflection.
 31350 | Vaults:1 | 31350 ||| DROPPING amulet of magic regeneration.
 31351 | Vaults:1 | 31351 ||| DROPPING ring of protection from cold.
 31449 | Vaults:2 | 31449 ||| RETREATING.
 31450 | Vaults:2 | 31450 ||| Stepping ~*~*~tactically~*~*~ (retreating).
 31455 | Vaults:2 | 31455 ||| INVOKING Heroism.
 31457 | Vaults:2 | 31457 ||| INVOKING Finesse.
 31474 | Vaults:2 | Reached skill level 20 in Fighting
 31569 | Vaults:2 | 31569 ||| Stepping ~*~*~tactically~*~*~ (outnumbered).
 31958 | Vaults:2 | 31958 ||| INVOKING Heroism.
 31959 | Vaults:2 | 31959 ||| INVOKING Finesse.
 32107 | Vaults:2 | 32107 ||| Stepping ~*~*~tactically~*~*~ (outnumbered).
 32109 | Vaults:2 | 32109 ||| Stepping ~*~*~tactically~*~*~ (outnumbered).
 32116 | Vaults:2 | 32116 ||| Stepping ~*~*~tactically~*~*~ (outnumbered).
 32119 | Vaults:2 | Identified the +2 chain mail of Chill Winds {Str+4}
                  | (Okawaru gifted it to you on level 2 of the Vaults)
 32119 | Vaults:2 | Received a gift from Okawaru
 32120 | Vaults:2 | 32120 ||| Stepping ~*~*~tactically~*~*~ (outnumbered).
 32385 | Vaults:2 | 32385 ||| INVOKING Heroism.
 32386 | Vaults:2 | 32386 ||| INVOKING Finesse.
 32388 | Vaults:2 | 32388 ||| FLEEEEING.
 32389 | Vaults:2 | 32389 ||| FLEEEEING.
 32626 | Vaults:2 | 32626 ||| DROPPING +3 leather armour.
 32697 | Vaults:3 | 32697 ||| RETREATING.
 32796 | Vaults:3 | Noticed Bai Suzhen
 32797 | Vaults:3 | 32797 ||| INVOKING Heroism.
 32798 | Vaults:3 | 32798 ||| INVOKING Finesse.
 32801 | Vaults:3 | 32801 ||| RETREATING.
 32816 | Vaults:3 | 32816 ||| INVOKING Finesse.
 32817 | Vaults:3 | 32817 ||| Stepping ~*~*~tactically~*~*~ (retreating).
 32826 | Vaults:3 | 32826 ||| INVOKING Heroism.
 32829 | Vaults:3 | Killed Bai Suzhen
 32830 | Vaults:3 | 32830 ||| Stepping ~*~*~tactically~*~*~ (cloud).
 32961 | Vaults:3 | 32961 ||| INVOKING Heroism.
 32962 | Vaults:3 | 32962 ||| INVOKING Finesse.
 33107 | Vaults:3 | 33107 ||| Stepping ~*~*~tactically~*~*~ (outnumbered).
 33145 | Vaults:3 | 33145 ||| INVOKING Heroism.
 33146 | Vaults:3 | 33146 ||| INVOKING Finesse.
 33330 | Vaults:3 | 33330 ||| INVOKING Heroism.
 33383 | Vaults:3 | Reached XP level 20. HP: 130/142 MP: 18/27
 33450 | Vaults:3 | 33450 ||| RETREATING.
 33551 | Vaults:3 | Reached skill level 21 in Fighting
 33565 | Vaults:3 | 33565 ||| RETREATING.
 33591 | Vaults:3 | 33591 ||| Stepping ~*~*~tactically~*~*~ (retreating).
 33673 | Vaults:3 | 33673 ||| Stepping ~*~*~tactically~*~*~ (outnumbered).
 33675 | Vaults:3 | 33675 ||| Stepping ~*~*~tactically~*~*~ (outnumbered).
 33677 | Vaults:3 | 33677 ||| Stepping ~*~*~tactically~*~*~ (outnumbered).
 33679 | Vaults:3 | 33679 ||| Stepping ~*~*~tactically~*~*~ (outnumbered).
 33738 | Vaults:3 | 33738 ||| RETREATING.
 34073 | Vaults:3 | Found a staircase to the Crypt.
 34130 | Vaults:3 | 34130 ||| RETREATING.
 34138 | Vaults:3 | Received a gift from Okawaru
 34154 | Vaults:3 | 34154 ||| Stepping ~*~*~tactically~*~*~ (retreating).
 34155 | Vaults:3 | 34155 ||| Stepping ~*~*~tactically~*~*~ (retreating).
 34274 | Vaults:4 | 34274 ||| PLANNING BAZAAR
 34276 | Vaults:4 | 34276 ||| STAIRDANCE
 34286 | Vaults:4 | 34286 ||| STAIRDANCE
 34403 | Vaults:4 | 34403 ||| RETREATING.
 34420 | Vaults:4 | Received a gift from Okawaru
 34521 | Vaults:4 | 34521 ||| RETREATING.
 34538 | Vaults:4 | 34538 ||| FLEEEEING.
 34539 | Vaults:4 | 34539 ||| FLEEEEING.
 34540 | Vaults:4 | 34540 ||| FLEEEEING.
 34541 | Vaults:4 | 34541 ||| FLEEEEING.
 34544 | Vaults:4 | 34544 ||| FLEEEEING.
 34547 | Vaults:4 | 34547 ||| RETREATING.
 34551 | Vaults:4 | 34551 ||| Stepping ~*~*~tactically~*~*~ (retreating).
 34556 | Vaults:4 | 34556 ||| INVOKING Heroism.
 34562 | Vaults:4 | 34562 ||| qw: Version: 0.3-a-74-g0d5e918
 34562 | Vaults:4 | 34562 ||| qw: Game counter: 1
 34562 | Vaults:4 | 34562 ||| qw: Melee chars always use a shield: true
 34562 | Vaults:4 | 34562 ||| qw: Do Orc after clearing Dungeon:15 true
 34562 | Vaults:4 | 34562 ||| qw: Do second Lair branch before Depths: true
 34562 | Vaults:4 | 34562 ||| qw: Lair rune preference: random
 34562 | Vaults:4 | 34562 ||| qw: Goals: Normal
 34562 | Vaults:4 | 34562 ||| PLANNING D:1-11
 34645 | Vaults:4 | Found a transporter.
 34647 | Vaults:4 | Noticed qw's ghost (adept GrFi)
 34651 | Vaults:4 | Found a bloodstained altar of Trog.
 34652 | Vaults:4 | 34652 ||| DROPPING +2 hat of willpower.
 35040 | D:1      | 35040 ||| PLANNING LAIR
 35295 | Lair:5   | 35295 ||| PLANNING D:1-11
 35676 | D:11     | 35676 ||| PLANNING D
 35758 | D:15     | 35758 ||| PLANNING ORC
 35947 | Orc:2    | 35947 ||| PLANNING SNAKE:1-3
 36300 | Snake:3  | 36300 ||| PLANNING SWAMP:1-3
 36484 | Swamp:3  | 36484 ||| PLANNING SNAKE:4
 36649 | Snake:4  | 36649 ||| PLANNING VAULTS:1-4
 37012 | Vaults:4 | 37012 ||| PLANNING BAZAAR
 37136 | Vaults:4 | Noticed Jory
 37144 | Vaults:4 | 37144 ||| Stepping ~*~*~tactically~*~*~ (retreating).
 37148 | Vaults:4 | Killed Jory
 37157 | Vaults:4 | 37157 ||| RETREATING.
 37165 | Vaults:4 | 37165 ||| Stepping ~*~*~tactically~*~*~ (outnumbered).
 37469 | Vaults:4 | 37469 ||| Stepping ~*~*~tactically~*~*~ (outnumbered).
 37470 | Vaults:4 | 37470 ||| Stepping ~*~*~tactically~*~*~ (outnumbered).
 37504 | Vaults:4 | 37504 ||| RETREATING.
 37507 | Vaults:4 | 37507 ||| Stepping ~*~*~tactically~*~*~ (retreating).
 37510 | Vaults:4 | 37510 ||| Stepping ~*~*~tactically~*~*~ (retreating).
 37511 | Vaults:4 | 37511 ||| Stepping ~*~*~tactically~*~*~ (retreating).
 37512 | Vaults:4 | 37512 ||| Stepping ~*~*~tactically~*~*~ (retreating).
 37513 | Vaults:4 | 37513 ||| Stepping ~*~*~tactically~*~*~ (retreating).
 37514 | Vaults:4 | 37514 ||| Stepping ~*~*~tactically~*~*~ (retreating).
 37517 | Vaults:4 | 37517 ||| Stepping ~*~*~tactically~*~*~ (retreating).
 37521 | Vaults:4 | 37521 ||| Stepping ~*~*~tactically~*~*~ (retreating).
 37522 | Vaults:4 | 37522 ||| Stepping ~*~*~tactically~*~*~ (retreating).
 37523 | Vaults:4 | 37523 ||| Stepping ~*~*~tactically~*~*~ (retreating).
 37524 | Vaults:4 | 37524 ||| Stepping ~*~*~tactically~*~*~ (retreating).
 37525 | Vaults:4 | 37525 ||| Stepping ~*~*~tactically~*~*~ (retreating).
 37530 | Vaults:4 | 37530 ||| Stepping ~*~*~tactically~*~*~ (retreating).
 37642 | Vaults:4 | 37642 ||| Stepping ~*~*~tactically~*~*~ (outnumbered).
 37644 | Vaults:4 | 37644 ||| Stepping ~*~*~tactically~*~*~ (outnumbered).
 37646 | Vaults:4 | 37646 ||| Stepping ~*~*~tactically~*~*~ (outnumbered).
 37649 | Vaults:4 | 37649 ||| Stepping ~*~*~tactically~*~*~ (outnumbered).
 37808 | Vaults:4 | Found a transporter.
 38312 | Vaults:4 | 38312 ||| RIP BAZAAR
 38312 | Vaults:4 | 38312 ||| PLANNING VAULTS:1-4
 38316 | Vaults:4 | 38316 ||| PLANNING SWAMP:4
 38577 | Swamp:4  | Entered Level 4 of the Swamp
 38578 | Swamp:4  | 38578 ||| STAIRDANCE
 38590 | Swamp:4  | 38590 ||| STAIRDANCE
 38599 | Swamp:4  | 38599 ||| STAIRDANCE
 38689 | Swamp:4  | Reached skill level 22 in Fighting
 38712 | Swamp:4  | 38712 ||| RETREATING.
 38719 | Swamp:4  | 38719 ||| Stepping ~*~*~tactically~*~*~ (outnumbered).
 38726 | Swamp:4  | Identified the +0 hat of Kindness {rPois rF+ rC-} (Okawaru
                  | gifted it to you on level 4 of the Swamp)
 38726 | Swamp:4  | Received a gift from Okawaru
 38729 | Swamp:4  | 38729 ||| Stepping ~*~*~tactically~*~*~ (retreating).
 38730 | Swamp:4  | 38730 ||| Stepping ~*~*~tactically~*~*~ (retreating).
 38731 | Swamp:4  | 38731 ||| Stepping ~*~*~tactically~*~*~ (retreating).
 38732 | Swamp:4  | 38732 ||| Stepping ~*~*~tactically~*~*~ (retreating).
 38733 | Swamp:4  | 38733 ||| Stepping ~*~*~tactically~*~*~ (retreating).
 38734 | Swamp:4  | 38734 ||| Stepping ~*~*~tactically~*~*~ (retreating).
 38735 | Swamp:4  | 38735 ||| Stepping ~*~*~tactically~*~*~ (retreating).
 38736 | Swamp:4  | 38736 ||| Stepping ~*~*~tactically~*~*~ (retreating).
 38737 | Swamp:4  | 38737 ||| Stepping ~*~*~tactically~*~*~ (retreating).
 38738 | Swamp:4  | 38738 ||| Stepping ~*~*~tactically~*~*~ (retreating).
 38739 | Swamp:4  | 38739 ||| Stepping ~*~*~tactically~*~*~ (retreating).
 38773 | Swamp:4  | Reached XP level 21. HP: 151/151 MP: 19/28
 38858 | Swamp:4  | 38858 ||| RETREATING.
 38864 | Swamp:4  | 38864 ||| Stepping ~*~*~tactically~*~*~ (retreating).
 38872 | Swamp:4  | 38872 ||| Stepping ~*~*~tactically~*~*~ (retreating).
 38873 | Swamp:4  | 38873 ||| Stepping ~*~*~tactically~*~*~ (retreating).
 38874 | Swamp:4  | 38874 ||| Stepping ~*~*~tactically~*~*~ (retreating).
 38879 | Swamp:4  | 38879 ||| INVOKING Heroism.
 38885 | Swamp:4  | 38885 ||| Stepping ~*~*~tactically~*~*~ (retreating).
 38886 | Swamp:4  | 38886 ||| Stepping ~*~*~tactically~*~*~ (retreating).
 38992 | Swamp:4  | 38992 ||| Stepping ~*~*~tactically~*~*~ (outnumbered).
 38994 | Swamp:4  | 38994 ||| Stepping ~*~*~tactically~*~*~ (outnumbered).
 39008 | Swamp:4  | Got a decaying rune of Zot
 39144 | Swamp:4  | 39144 ||| RETREATING.
 39267 | Swamp:4  | 39267 ||| PLANNING DEPTHS
 39267 | Swamp:4  | 39267 ||| READING scroll labelled VIKENA QAMPEMM.
 39622 | Depths:1 | Entered Level 1 of the Depths
 39665 | Depths:1 | 39665 ||| Stepping ~*~*~tactically~*~*~ (outnumbered).
 39667 | Depths:1 | 39667 ||| RETREATING.
 39805 | Depths:1 | 39805 ||| RETREATING.
 39812 | Depths:1 | 39812 ||| RETREATING.
 39813 | Depths:1 | 39813 ||| Stepping ~*~*~tactically~*~*~ (retreating).
 39814 | Depths:1 | 39814 ||| Stepping ~*~*~tactically~*~*~ (retreating).
 39815 | Depths:1 | 39815 ||| Stepping ~*~*~tactically~*~*~ (retreating).
 39816 | Depths:1 | 39816 ||| Stepping ~*~*~tactically~*~*~ (retreating).
 39817 | Depths:1 | 39817 ||| Stepping ~*~*~tactically~*~*~ (retreating).
 39830 | Depths:1 | 39830 ||| Stepping ~*~*~tactically~*~*~ (retreating).
 39831 | Depths:1 | 39831 ||| Stepping ~*~*~tactically~*~*~ (retreating).
 39835 | Depths:1 | 39835 ||| RETREATING.
 39837 | Depths:1 | 39837 ||| Stepping ~*~*~tactically~*~*~ (retreating).
 39838 | Depths:1 | 39838 ||| Stepping ~*~*~tactically~*~*~ (retreating).
 39839 | Depths:1 | 39839 ||| Stepping ~*~*~tactically~*~*~ (retreating).
 39840 | Depths:1 | 39840 ||| Stepping ~*~*~tactically~*~*~ (retreating).
 39841 | Depths:1 | 39841 ||| Stepping ~*~*~tactically~*~*~ (retreating).
 39846 | Depths:1 | 39846 ||| Stepping ~*~*~tactically~*~*~ (retreating).
 39847 | Depths:1 | 39847 ||| Stepping ~*~*~tactically~*~*~ (retreating).
 39848 | Depths:1 | 39848 ||| Stepping ~*~*~tactically~*~*~ (retreating).
 39855 | Depths:1 | Reached skill level 18 in Dodging
 39871 | Depths:1 | 39871 ||| INVOKING Heroism.
 39872 | Depths:1 | 39872 ||| INVOKING Finesse.
 40001 | Depths:1 | Found a glowing golden altar of the Shining One.
 40006 | Depths:1 | Found a glowing silver altar of Zin.
 40010 | Depths:1 | Found a white marble altar of Elyvilon.
 40058 | Depths:1 | 40058 ||| Stepping ~*~*~tactically~*~*~ (retreating).
 40059 | Depths:1 | 40059 ||| Stepping ~*~*~tactically~*~*~ (retreating).
 40060 | Depths:1 | 40060 ||| Stepping ~*~*~tactically~*~*~ (retreating).
 40061 | Depths:1 | 40061 ||| Stepping ~*~*~tactically~*~*~ (retreating).
 40062 | Depths:1 | 40062 ||| Stepping ~*~*~tactically~*~*~ (retreating).
 40063 | Depths:1 | 40063 ||| Stepping ~*~*~tactically~*~*~ (retreating).
 40064 | Depths:1 | 40064 ||| Stepping ~*~*~tactically~*~*~ (outnumbered).
 40107 | Depths:1 | 40107 ||| Stepping ~*~*~tactically~*~*~ (outnumbered).
 40110 | Depths:1 | 40110 ||| RETREATING.
 40113 | Depths:1 | 40113 ||| Stepping ~*~*~tactically~*~*~ (outnumbered).
 40115 | Depths:1 | 40115 ||| Stepping ~*~*~tactically~*~*~ (outnumbered).
 40117 | Depths:1 | 40117 ||| Stepping ~*~*~tactically~*~*~ (outnumbered).
 40119 | Depths:1 | 40119 ||| Stepping ~*~*~tactically~*~*~ (outnumbered).
 40124 | Depths:1 | 40124 ||| Stepping ~*~*~tactically~*~*~ (outnumbered).
 40159 | Depths:1 | 40159 ||| Stepping ~*~*~tactically~*~*~ (retreating).
 40160 | Depths:1 | 40160 ||| Stepping ~*~*~tactically~*~*~ (retreating).
 40161 | Depths:1 | 40161 ||| Stepping ~*~*~tactically~*~*~ (retreating).
 40166 | Depths:1 | 40166 ||| Stepping ~*~*~tactically~*~*~ (retreating).
 40167 | Depths:1 | 40167 ||| Stepping ~*~*~tactically~*~*~ (retreating).
 40168 | Depths:1 | 40168 ||| Stepping ~*~*~tactically~*~*~ (retreating).
 40169 | Depths:1 | 40169 ||| Stepping ~*~*~tactically~*~*~ (retreating).
 40170 | Depths:1 | 40170 ||| Stepping ~*~*~tactically~*~*~ (retreating).
 40171 | Depths:1 | 40171 ||| Stepping ~*~*~tactically~*~*~ (retreating).
 40180 | Depths:1 | 40180 ||| Stepping ~*~*~tactically~*~*~ (retreating).
 40185 | Depths:1 | 40185 ||| Stepping ~*~*~tactically~*~*~ (retreating).
 40186 | Depths:1 | 40186 ||| Stepping ~*~*~tactically~*~*~ (retreating).
 40187 | Depths:1 | 40187 ||| Stepping ~*~*~tactically~*~*~ (retreating).
 40188 | Depths:1 | 40188 ||| Stepping ~*~*~tactically~*~*~ (retreating).
 40189 | Depths:1 | 40189 ||| Stepping ~*~*~tactically~*~*~ (retreating).
 40193 | Depths:1 | 40193 ||| Stepping ~*~*~tactically~*~*~ (retreating).
 40195 | Depths:1 | 40195 ||| Stepping ~*~*~tactically~*~*~ (outnumbered).
 40332 | Depths:1 | 40332 ||| INVOKING Finesse.
 40361 | Depths:1 | 40361 ||| Stepping ~*~*~tactically~*~*~ (retreating).
 40362 | Depths:1 | 40362 ||| Stepping ~*~*~tactically~*~*~ (retreating).
 40481 | Depths:1 | 40481 ||| INVOKING Heroism.
 40482 | Depths:1 | 40482 ||| INVOKING Finesse.
 40527 | Depths:1 | Found a one-way gateway to a ziggurat.
 40556 | Depths:1 | Received a gift from Okawaru
 40628 | Depths:1 | Found a gateway to Hell.
 40630 | Depths:1 | 40630 ||| DROPPING +2 robe of positive energy.
 40646 | Depths:2 | Found a one-way gate leading to the halls of Pandemonium.
 40656 | Depths:2 | 40656 ||| RETREATING.
 40658 | Depths:2 | 40658 ||| Stepping ~*~*~tactically~*~*~ (retreating).
 40788 | Depths:2 | 40788 ||| SWAPPING to +0 triple crossbow.
 40789 | Depths:2 | 40789 ||| DROPPING +7 longbow of Trial by Ordeal {flame,
                  | rPois Str+6 Stlth-}.
 40790 | Depths:2 | 40790 ||| READING 3 scrolls of enchant weapon.
 40790 | Depths:2 | 40790 ||| ENCHANTING +0 triple crossbow.
 40791 | Depths:2 | 40791 ||| READING 2 scrolls of enchant weapon.
 40791 | Depths:2 | 40791 ||| ENCHANTING +1 triple crossbow.
 40792 | Depths:2 | 40792 ||| READING scroll of enchant weapon.
 40792 | Depths:2 | 40792 ||| ENCHANTING +2 triple crossbow.
 40969 | Depths:2 | 40969 ||| INVOKING Heroism.
 40970 | Depths:2 | 40970 ||| INVOKING Finesse.
 40971 | Depths:2 | 40971 ||| RETREATING.
 41024 | Depths:2 | 41024 ||| INVOKING Finesse.
 41228 | Depths:2 | 41228 ||| FLEEEEING.
 41229 | Depths:2 | 41229 ||| FLEEEEING.
 41239 | Depths:2 | 41239 ||| Stepping ~*~*~tactically~*~*~ (retreating).
 41240 | Depths:2 | 41240 ||| Stepping ~*~*~tactically~*~*~ (retreating).
 41241 | Depths:2 | 41241 ||| Stepping ~*~*~tactically~*~*~ (retreating).
 41249 | Depths:2 | 41249 ||| INVOKING Heroism.
 41250 | Depths:2 | 41250 ||| INVOKING Finesse.
 41380 | Depths:2 | Found a one-way gate to the infinite horrors of the Abyss.
 41473 | Depths:2 | 41473 ||| INVOKING Heroism.
 41621 | Depths:2 | 41621 ||| Stepping ~*~*~tactically~*~*~ (outnumbered).
 41623 | Depths:2 | 41623 ||| Stepping ~*~*~tactically~*~*~ (retreating).
 41651 | Depths:2 | Identified the +2 pair of gloves of Elyvilon's Esteem
                  | {rPois Will+ Str-4}
 41669 | Depths:2 | 41669 ||| DROPPING +2 pair of gloves of Elyvilon's Esteem
                  | {rPois Will+ Str-4}.
 41758 | Depths:3 | 41758 ||| qw: Version: 0.3-a-74-g0d5e918
 41758 | Depths:3 | 41758 ||| qw: Game counter: 1
 41758 | Depths:3 | 41758 ||| qw: Melee chars always use a shield: true
 41758 | Depths:3 | 41758 ||| qw: Do Orc after clearing Dungeon:15 true
 41758 | Depths:3 | 41758 ||| qw: Do second Lair branch before Depths: true
 41758 | Depths:3 | 41758 ||| qw: Lair rune preference: random
 41758 | Depths:3 | 41758 ||| qw: Goals: Normal
 41758 | Depths:3 | 41758 ||| PLANNING D:1-11
 42097 | D:1      | 42097 ||| PLANNING LAIR
 42352 | Lair:5   | 42352 ||| PLANNING D:1-11
 42733 | D:11     | 42733 ||| PLANNING D
 42814 | D:15     | 42814 ||| PLANNING ORC
 43003 | Orc:2    | 43003 ||| PLANNING SWAMP:1-3
 43287 | Swamp:3  | 43287 ||| PLANNING SNAKE:1-3
 43440 | Snake:3  | 43440 ||| PLANNING SWAMP:4
 43604 | Swamp:4  | 43604 ||| PLANNING VAULTS:1-4
 43866 | Vaults:4 | 43866 ||| PLANNING SNAKE:4
 44229 | Snake:4  | 44229 ||| PLANNING DEPTHS
 44599 | Depths:3 | 44599 ||| STAIRDANCE
 44604 | Depths:3 | 44604 ||| STAIRDANCE
 44615 | Depths:3 | 44615 ||| STAIRDANCE
 44633 | Depths:3 | 44633 ||| STAIRDANCE
 44635 | Depths:2 | 44635 ||| INVOKING Heroism.
 44653 | Depths:3 | 44653 ||| STAIRDANCE
 44658 | Depths:3 | 44658 ||| STAIRDANCE
 44677 | Depths:3 | 44677 ||| STAIRDANCE
 44679 | Depths:2 | 44679 ||| Stepping ~*~*~tactically~*~*~ (retreating).
 44680 | Depths:2 | 44680 ||| Stepping ~*~*~tactically~*~*~ (retreating).
 44681 | Depths:2 | 44681 ||| Stepping ~*~*~tactically~*~*~ (retreating).
 44686 | Depths:2 | Reached skill level 21 in Ranged Weapons
 44692 | Depths:3 | 44692 ||| STAIRDANCE
 44719 | Depths:3 | 44719 ||| STAIRDANCE
 44727 | Depths:3 | 44727 ||| INVOKING Heroism.
 44729 | Depths:3 | 44729 ||| STAIRDANCE
 44748 | Depths:3 | 44748 ||| STAIRDANCE
 44771 | Depths:3 | 44771 ||| STAIRDANCE
 44789 | Depths:3 | 44789 ||| STAIRDANCE
 44804 | Depths:3 | 44804 ||| STAIRDANCE
 44814 | Depths:3 | 44814 ||| STAIRDANCE
 44822 | Depths:3 | 44822 ||| STAIRDANCE
 44822 | Depths:3 | Noticed Vv
 44829 | Depths:2 | 44829 ||| Stepping ~*~*~tactically~*~*~ (retreating).
 44830 | Depths:2 | 44830 ||| Stepping ~*~*~tactically~*~*~ (retreating).
 44831 | Depths:2 | 44831 ||| Stepping ~*~*~tactically~*~*~ (retreating).
 44832 | Depths:2 | 44832 ||| Stepping ~*~*~tactically~*~*~ (retreating).
 44833 | Depths:2 | 44833 ||| Stepping ~*~*~tactically~*~*~ (retreating).
 44834 | Depths:2 | 44834 ||| Stepping ~*~*~tactically~*~*~ (retreating).
 44835 | Depths:2 | 44835 ||| Stepping ~*~*~tactically~*~*~ (retreating).
 44836 | Depths:2 | 44836 ||| RETREATING.
 44839 | Depths:2 | 44839 ||| INVOKING Heroism.
 44840 | Depths:2 | 44840 ||| Stepping ~*~*~tactically~*~*~ (retreating).
 44845 | Depths:2 | HP: 35/152 [ice dragon (7)]
 44846 | Depths:2 | 44846 ||| READING 10 scrolls of teleportation.
 44847 | Depths:2 | 44847 ||| DRINKING 8 potions of heal wounds.
 44848 | Depths:2 | 44848 ||| Stepping ~*~*~tactically~*~*~ (retreating).
 44861 | Depths:2 | Reached XP level 22. HP: 78/158 MP: 20/29
 44869 | Depths:2 | 44869 ||| INVOKING Heroism.
 44965 | Depths:3 | 44965 ||| STAIRDANCE
 44970 | Depths:3 | 44970 ||| STAIRDANCE
 44972 | Depths:2 | 44972 ||| INVOKING Heroism.
 44985 | Depths:3 | 44985 ||| STAIRDANCE
 44994 | Depths:3 | 44994 ||| DRINKING 7 potions of resistance.
 45002 | Depths:3 | 45002 ||| STAIRDANCE
 45014 | Depths:2 | Killed Vv
 45046 | Depths:3 | 45046 ||| qw: Version: 0.3-a-74-g0d5e918
 45046 | Depths:3 | 45046 ||| qw: Game counter: 1
 45046 | Depths:3 | 45046 ||| qw: Melee chars always use a shield: true
 45046 | Depths:3 | 45046 ||| qw: Do Orc after clearing Dungeon:15 true
 45046 | Depths:3 | 45046 ||| qw: Do second Lair branch before Depths: true
 45046 | Depths:3 | 45046 ||| qw: Lair rune preference: random
 45046 | Depths:3 | 45046 ||| qw: Goals: Normal
 45046 | Depths:3 | 45046 ||| PLANNING D:1-11
 45379 | D:1      | 45379 ||| PLANNING LAIR
 45634 | Lair:5   | 45634 ||| PLANNING D:1-11
 46015 | D:11     | 46015 ||| PLANNING D
 46096 | D:15     | 46096 ||| PLANNING ORC
 46285 | Orc:2    | 46285 ||| PLANNING SWAMP:1-3
 46569 | Swamp:3  | 46569 ||| PLANNING SNAKE:1-3
 46722 | Snake:3  | 46722 ||| PLANNING SWAMP:4
 46886 | Swamp:4  | 46886 ||| PLANNING VAULTS:1-4
 47148 | Vaults:4 | 47148 ||| PLANNING SNAKE:4
 47511 | Snake:4  | 47511 ||| PLANNING DEPTHS
 47884 | Depths:3 | 47884 ||| qw: Version: 0.3-a-74-g0d5e918
 47884 | Depths:3 | 47884 ||| qw: Game counter: 1
 47884 | Depths:3 | 47884 ||| qw: Melee chars always use a shield: true
 47884 | Depths:3 | 47884 ||| qw: Do Orc after clearing Dungeon:15 true
 47884 | Depths:3 | 47884 ||| qw: Do second Lair branch before Depths: true
 47884 | Depths:3 | 47884 ||| qw: Lair rune preference: random
 47884 | Depths:3 | 47884 ||| qw: Goals: Normal
 47884 | Depths:3 | 47884 ||| PLANNING D:1-11
 48227 | D:1      | 48227 ||| PLANNING LAIR
 48482 | Lair:5   | 48482 ||| PLANNING D:1-11
 48863 | D:11     | 48863 ||| PLANNING D
 48944 | D:15     | 48944 ||| PLANNING ORC
 49133 | Orc:2    | 49133 ||| PLANNING SWAMP:1-3
 49417 | Swamp:3  | 49417 ||| PLANNING SNAKE:1-3
 49571 | Snake:3  | 49571 ||| PLANNING SWAMP:4
 49735 | Swamp:4  | 49735 ||| PLANNING VAULTS:1-4
 49997 | Vaults:4 | 49997 ||| PLANNING SNAKE:4
 50360 | Snake:4  | 50360 ||| PLANNING DEPTHS
 50739 | Depths:3 | 50739 ||| qw: Version: 0.3-a-74-g0d5e918
 50739 | Depths:3 | 50739 ||| qw: Game counter: 1
 50739 | Depths:3 | 50739 ||| qw: Melee chars always use a shield: true
 50739 | Depths:3 | 50739 ||| qw: Do Orc after clearing Dungeon:15 true
 50739 | Depths:3 | 50739 ||| qw: Do second Lair branch before Depths: true
 50739 | Depths:3 | 50739 ||| qw: Lair rune preference: random
 50739 | Depths:3 | 50739 ||| qw: Goals: Normal
 50739 | Depths:3 | 50739 ||| PLANNING D:1-11
 51080 | D:1      | 51080 ||| PLANNING LAIR
 51335 | Lair:5   | 51335 ||| PLANNING D:1-11
 51716 | D:11     | 51716 ||| PLANNING D
 51797 | D:15     | 51797 ||| PLANNING ORC
 51986 | Orc:2    | 51986 ||| PLANNING SNAKE:1-3
 52339 | Snake:3  | 52339 ||| PLANNING SWAMP:1-3
 52523 | Swamp:3  | 52523 ||| PLANNING SNAKE:4
 52688 | Snake:4  | 52688 ||| PLANNING VAULTS:1-4
 53051 | Vaults:4 | 53051 ||| PLANNING SWAMP:4
 53313 | Swamp:4  | 53313 ||| PLANNING DEPTHS
 53582 | Depths:3 | 53582 ||| qw: Version: 0.3-a-74-g0d5e918
 53582 | Depths:3 | 53582 ||| qw: Game counter: 1
 53582 | Depths:3 | 53582 ||| qw: Melee chars always use a shield: true
 53582 | Depths:3 | 53582 ||| qw: Do Orc after clearing Dungeon:15 true
 53582 | Depths:3 | 53582 ||| qw: Do second Lair branch before Depths: true
 53582 | Depths:3 | 53582 ||| qw: Lair rune preference: random
 53582 | Depths:3 | 53582 ||| qw: Goals: Normal
 53582 | Depths:3 | 53582 ||| PLANNING D:1-11
 53913 | D:1      | 53913 ||| PLANNING LAIR
 54168 | Lair:5   | 54168 ||| PLANNING D:1-11
 54549 | D:11     | 54549 ||| PLANNING D
 54630 | D:15     | 54630 ||| PLANNING ORC
 54819 | Orc:2    | 54819 ||| PLANNING SNAKE:1-3
 55172 | Snake:3  | 55172 ||| PLANNING SWAMP:1-3
 55356 | Swamp:3  | 55356 ||| PLANNING SNAKE:4
 55521 | Snake:4  | 55521 ||| PLANNING VAULTS:1-4
 55884 | Vaults:4 | 55884 ||| PLANNING SWAMP:4
 56146 | Swamp:4  | 56146 ||| PLANNING DEPTHS
 56459 | Depths:3 | 56459 ||| RETREATING.
 56462 | Depths:3 | 56462 ||| RETREATING.
 56471 | Depths:3 | 56471 ||| INVOKING Heroism.
 56523 | Depths:3 | Noticed Grunn
 56524 | Depths:3 | 56524 ||| RETREATING.
 56531 | Depths:3 | 56531 ||| INVOKING Heroism.
 56532 | Depths:3 | 56532 ||| Stepping ~*~*~tactically~*~*~ (retreating).
 56557 | Depths:3 | Killed Grunn
 56570 | Depths:3 | Received a gift from Okawaru
 56604 | Depths:3 | Found a runed translucent gate.
 56604 | Depths:3 | Found a runed translucent gate.
 56604 | Depths:3 | Found a runed translucent gate.
 56617 | Depths:3 | 56617 ||| FLEEEEING.
 56618 | Depths:3 | 56618 ||| FLEEEEING.
 56619 | Depths:3 | 56619 ||| FLEEEEING.
 56620 | Depths:3 | 56620 ||| FLEEEEING.
 56621 | Depths:3 | 56621 ||| FLEEEEING.
 56622 | Depths:3 | 56622 ||| FLEEEEING.
 56623 | Depths:3 | 56623 ||| FLEEEEING.
 56624 | Depths:3 | 56624 ||| FLEEEEING.
 56625 | Depths:3 | 56625 ||| FLEEEEING.
 56626 | Depths:3 | 56626 ||| FLEEEEING.
 56627 | Depths:3 | 56627 ||| FLEEEEING.
 56628 | Depths:3 | 56628 ||| FLEEEEING.
 56631 | Depths:3 | 56631 ||| FLEEEEING.
 56632 | Depths:3 | 56632 ||| FLEEEEING.
 56633 | Depths:3 | 56633 ||| FLEEEEING.
 56718 | Depths:3 | Reached skill level 23 in Fighting
 56748 | Depths:3 | 56748 ||| INVOKING Heroism.
 56905 | Depths:3 | 56905 ||| INVOKING Heroism.
 56926 | Depths:3 | 56926 ||| RETREATING.
 56927 | Depths:3 | 56927 ||| Stepping ~*~*~tactically~*~*~ (outnumbered).
 56936 | Depths:3 | 56936 ||| INVOKING Heroism.
 56954 | Depths:3 | Found a runed translucent gate.
 56954 | Depths:3 | Found a runed translucent gate.
 56954 | Depths:3 | Found a runed translucent gate.
 57245 | Depths:4 | Entered Level 4 of the Depths
 57264 | Depths:4 | Noticed Frederick
 57265 | Depths:4 | 57265 ||| RETREATING.
 57268 | Depths:4 | 57268 ||| Stepping ~*~*~tactically~*~*~ (outnumbered).
 57271 | Depths:4 | 57271 ||| Stepping ~*~*~tactically~*~*~ (outnumbered).
 57273 | Depths:4 | 57273 ||| INVOKING Heroism.
 57280 | Depths:4 | Killed Frederick
 57355 | Depths:4 | 57355 ||| INVOKING Heroism.
 57423 | Depths:4 | 57423 ||| Stepping ~*~*~tactically~*~*~ (outnumbered).
 57429 | Depths:4 | 57429 ||| Stepping ~*~*~tactically~*~*~ (retreating).
 57430 | Depths:4 | 57430 ||| Stepping ~*~*~tactically~*~*~ (retreating).
 57431 | Depths:4 | 57431 ||| INVOKING Heroism.
 57436 | Depths:4 | 57436 ||| Stepping ~*~*~tactically~*~*~ (retreating).
 57438 | Depths:4 | 57438 ||| Stepping ~*~*~tactically~*~*~ (retreating).
 57439 | Depths:4 | 57439 ||| Stepping ~*~*~tactically~*~*~ (retreating).
 57440 | Depths:4 | 57440 ||| Stepping ~*~*~tactically~*~*~ (retreating).
 57531 | Depths:4 | Noticed a golden dragon
 57532 | Depths:4 | 57532 ||| INVOKING Heroism.
 57533 | Depths:4 | 57533 ||| RETREATING.
 57551 | Depths:4 | 57551 ||| Stepping ~*~*~tactically~*~*~ (retreating).
 57552 | Depths:4 | 57552 ||| Stepping ~*~*~tactically~*~*~ (retreating).
 57554 | Depths:4 | 57554 ||| Stepping ~*~*~tactically~*~*~ (retreating).
 57556 | Depths:4 | Killed a golden dragon
 57562 | Depths:4 | 57562 ||| FLEEEEING.
 57563 | Depths:4 | 57563 ||| FLEEEEING.
 57564 | Depths:4 | 57564 ||| FLEEEEING.
 57565 | Depths:4 | 57565 ||| FLEEEEING.
 57566 | Depths:4 | 57566 ||| FLEEEEING.
 57620 | Depths:4 | 57620 ||| INVOKING Heroism.
 57626 | Depths:4 | Reached skill level 24 in Fighting
 57721 | Depths:4 | Found a gate to the Realm of Zot.
 57722 | Depths:4 | 57722 ||| Stepping ~*~*~tactically~*~*~ (retreating).
 57723 | Depths:4 | 57723 ||| INVOKING Heroism.
 57725 | Depths:4 | 57725 ||| Stepping ~*~*~tactically~*~*~ (retreating).
 57726 | Depths:4 | 57726 ||| Stepping ~*~*~tactically~*~*~ (retreating).
 57727 | Depths:4 | 57727 ||| Stepping ~*~*~tactically~*~*~ (retreating).
 57728 | Depths:4 | 57728 ||| Stepping ~*~*~tactically~*~*~ (retreating).
 57729 | Depths:4 | 57729 ||| Stepping ~*~*~tactically~*~*~ (retreating).
 57730 | Depths:4 | 57730 ||| RETREATING.
 57734 | Depths:4 | 57734 ||| Stepping ~*~*~tactically~*~*~ (retreating).
 57736 | Depths:4 | 57736 ||| Stepping ~*~*~tactically~*~*~ (retreating).
 57737 | Depths:4 | 57737 ||| Stepping ~*~*~tactically~*~*~ (retreating).
 57738 | Depths:4 | 57738 ||| Stepping ~*~*~tactically~*~*~ (retreating).
 57739 | Depths:4 | 57739 ||| Stepping ~*~*~tactically~*~*~ (retreating).
 57740 | Depths:4 | 57740 ||| Stepping ~*~*~tactically~*~*~ (retreating).
 57740 | Depths:4 | Noticed the Enchantress
 57741 | Depths:4 | 57741 ||| Stepping ~*~*~tactically~*~*~ (retreating).
 57745 | Depths:4 | 57745 ||| Stepping ~*~*~tactically~*~*~ (retreating).
 57746 | Depths:4 | 57746 ||| Stepping ~*~*~tactically~*~*~ (retreating).
 57747 | Depths:4 | 57747 ||| Stepping ~*~*~tactically~*~*~ (retreating).
 57749 | Depths:4 | 57749 ||| Stepping ~*~*~tactically~*~*~ (retreating).
 57750 | Depths:4 | 57750 ||| Stepping ~*~*~tactically~*~*~ (retreating).
 57751 | Depths:4 | 57751 ||| Stepping ~*~*~tactically~*~*~ (retreating).
 57752 | Depths:4 | 57752 ||| Stepping ~*~*~tactically~*~*~ (retreating).
 57753 | Depths:4 | 57753 ||| Stepping ~*~*~tactically~*~*~ (retreating).
 57754 | Depths:4 | 57754 ||| Stepping ~*~*~tactically~*~*~ (retreating).
 57755 | Depths:4 | 57755 ||| Stepping ~*~*~tactically~*~*~ (retreating).
 57756 | Depths:4 | 57756 ||| Stepping ~*~*~tactically~*~*~ (retreating).
 57757 | Depths:4 | 57757 ||| Stepping ~*~*~tactically~*~*~ (retreating).
 57760 | Depths:4 | 57760 ||| Stepping ~*~*~tactically~*~*~ (retreating).
 57765 | Depths:4 | 57765 ||| INVOKING Heroism.
 57775 | Depths:4 | 57775 ||| DRINKING 7 potions of curing.
 57775 | Depths:4 | 57775 ||| (to cure confusion)
 57784 | Depths:4 | HP: 39/160 [the Enchantress/+1 quick blade of venom (13)]
 57785 | Depths:4 | 57785 ||| DRINKING 9 potions of heal wounds.
 57797 | Depths:4 | HP: 35/156 [shadow dragon/bolt of negative energy (14)]
 57798 | Depths:4 | 57798 ||| DRINKING 8 potions of heal wounds.
 57822 | Depths:4 | 57822 ||| INVOKING Heroism.
 57831 | Depths:4 | Killed the Enchantress
 57951 | Depths:4 | 57951 ||| INVOKING Heroism.
 57953 | Depths:4 | 57953 ||| RETREATING.
 57956 | Depths:4 | 57956 ||| Stepping ~*~*~tactically~*~*~ (outnumbered).
 57964 | Depths:4 | Reached skill level 15 in Armour
 58015 | Depths:4 | 58015 ||| INVOKING Heroism.
 58030 | Depths:4 | Identified the +3 ring mail "Coskeu Hosa" {Will+}
 58185 | Depths:4 | 58185 ||| PLANNING VAULTS:5
 58185 | Depths:4 | 58185 ||| DROPPING +0 leather armour of Hedonism {-Tele
                  | Will+ Regen+ Int+8}.
 58186 | Depths:4 | 58186 ||| DROPPING +2 pair of gloves.
 58187 | Depths:4 | 58187 ||| DROPPING +3 ring mail of willpower.
 58188 | Depths:4 | 58188 ||| DROPPING +4 leather armour of the Cobbler {rElec
                  | Str+5 Stlth-}.
 58189 | Depths:4 | 58189 ||| UPGRADING to +7 faerie dragon scales {rElec Will+
                  | rCorr Int+4 Clar}.
 58237 | Depths:4 | 58237 ||| UPGRADING to ring of Ignis's Outrage {rF+ rC+
                  | Int-5 Dex+2 SInv}.
 58239 | Depths:4 | 58239 ||| READING 21 scrolls of identify.
 58239 | Depths:4 | 58239 ||| IDENTIFYING pink potion
 58240 | Depths:4 | 58240 ||| DRINKING potion of experience.
 58240 | Depths:4 | Reached XP level 23. HP: 167/167 MP: 30/30
 58415 | Vaults:5 | Entered Level 5 of the Vaults
 58416 | Vaults:5 | 58416 ||| STAIRDANCE
 58422 | Vaults:5 | 58422 ||| STAIRDANCE
 58424 | Vaults:4 | 58424 ||| Stepping ~*~*~tactically~*~*~ (retreating).
 58425 | Vaults:4 | 58425 ||| Stepping ~*~*~tactically~*~*~ (retreating).
 58481 | Vaults:5 | 58481 ||| STAIRDANCE
 58488 | Vaults:4 | 58488 ||| Stepping ~*~*~tactically~*~*~ (retreating).
 58489 | Vaults:4 | 58489 ||| Stepping ~*~*~tactically~*~*~ (retreating).
 58490 | Vaults:4 | 58490 ||| Stepping ~*~*~tactically~*~*~ (retreating).
 58491 | Vaults:4 | 58491 ||| Stepping ~*~*~tactically~*~*~ (retreating).
 58492 | Vaults:4 | 58492 ||| STAIRDANCE
 58563 | Vaults:4 | 58563 ||| STAIRDANCE
 58577 | Vaults:4 | 58577 ||| Stepping ~*~*~tactically~*~*~ (retreating).
 58578 | Vaults:4 | 58578 ||| Stepping ~*~*~tactically~*~*~ (retreating).
 58579 | Vaults:4 | 58579 ||| Stepping ~*~*~tactically~*~*~ (retreating).
 58580 | Vaults:4 | 58580 ||| Stepping ~*~*~tactically~*~*~ (retreating).
 58581 | Vaults:4 | 58581 ||| Stepping ~*~*~tactically~*~*~ (retreating).
 58582 | Vaults:4 | 58582 ||| Stepping ~*~*~tactically~*~*~ (retreating).
 58583 | Vaults:4 | 58583 ||| Stepping ~*~*~tactically~*~*~ (retreating).
 58584 | Vaults:4 | 58584 ||| Stepping ~*~*~tactically~*~*~ (retreating).
 58585 | Vaults:4 | 58585 ||| Stepping ~*~*~tactically~*~*~ (retreating).
 58586 | Vaults:4 | 58586 ||| Stepping ~*~*~tactically~*~*~ (retreating).
 58587 | Vaults:4 | 58587 ||| Stepping ~*~*~tactically~*~*~ (retreating).
 58588 | Vaults:4 | 58588 ||| Stepping ~*~*~tactically~*~*~ (retreating).
 58589 | Vaults:4 | 58589 ||| Stepping ~*~*~tactically~*~*~ (retreating).
 58590 | Vaults:4 | 58590 ||| Stepping ~*~*~tactically~*~*~ (retreating).
 58591 | Vaults:4 | 58591 ||| Stepping ~*~*~tactically~*~*~ (retreating).
 58592 | Vaults:4 | 58592 ||| Stepping ~*~*~tactically~*~*~ (retreating).
 58593 | Vaults:4 | 58593 ||| Stepping ~*~*~tactically~*~*~ (retreating).
 58594 | Vaults:4 | 58594 ||| Stepping ~*~*~tactically~*~*~ (retreating).
 58611 | Vaults:4 | Reached XP level 24. HP: 165/173 MP: 30/30
 58623 | Vaults:5 | 58623 ||| STAIRDANCE
 58636 | Vaults:5 | 58636 ||| INVOKING Heroism.
 58651 | Vaults:5 | HP: 36/173 [vault guard/+1 long sword (11)]
 58652 | Vaults:5 | 58652 ||| READING 9 scrolls of teleportation.
 58653 | Vaults:5 | 58653 ||| DRINKING 7 potions of heal wounds.
 58654 | Vaults:5 | Noticed an ancient lich
 58655 | Vaults:5 | 58655 ||| INVOKING Finesse.
 58704 | Vaults:5 | 58704 ||| INVOKING Heroism.
 58776 | Vaults:5 | Noticed an ancient lich
 58777 | Vaults:5 | 58777 ||| INVOKING Heroism.
 58778 | Vaults:5 | 58778 ||| INVOKING Finesse.
 58781 | Vaults:5 | Killed an ancient lich
 58882 | Vaults:5 | 58882 ||| Stepping ~*~*~tactically~*~*~ (outnumbered).
 58945 | Vaults:5 | 58945 ||| RETREATING.
 58964 | Vaults:5 | 58964 ||| INVOKING Heroism.
 58965 | Vaults:5 | 58965 ||| INVOKING Finesse.
 59031 | Vaults:5 | Noticed Xtahua
 59032 | Vaults:5 | 59032 ||| DRINKING 6 potions of resistance.
 59038 | Vaults:5 | Identified the +7 morningstar "Zixtysis" {antimagic, rPois
                  | rCorr Int+3}
 59039 | Vaults:5 | 59039 ||| Stepping ~*~*~tactically~*~*~ (retreating).
 59040 | Vaults:5 | 59040 ||| Stepping ~*~*~tactically~*~*~ (retreating).
 59041 | Vaults:5 | 59041 ||| Stepping ~*~*~tactically~*~*~ (retreating).
 59042 | Vaults:5 | 59042 ||| Stepping ~*~*~tactically~*~*~ (retreating).
 59043 | Vaults:5 | 59043 ||| RETREATING.
 59044 | Vaults:5 | 59044 ||| INVOKING Heroism.
 59045 | Vaults:5 | 59045 ||| Stepping ~*~*~tactically~*~*~ (retreating).
 59048 | Vaults:5 | Killed Xtahua
 59051 | Vaults:5 | 59051 ||| Stepping ~*~*~tactically~*~*~ (retreating).
 59082 | Vaults:5 | 59082 ||| Stepping ~*~*~tactically~*~*~ (retreating).
 59173 | Vaults:5 | 59173 ||| RETREATING.
 59178 | Vaults:5 | 59178 ||| Stepping ~*~*~tactically~*~*~ (retreating).
 59179 | Vaults:5 | 59179 ||| Stepping ~*~*~tactically~*~*~ (retreating).
 59180 | Vaults:5 | 59180 ||| Stepping ~*~*~tactically~*~*~ (retreating).
 59181 | Vaults:5 | 59181 ||| Stepping ~*~*~tactically~*~*~ (retreating).
 59182 | Vaults:5 | 59182 ||| Stepping ~*~*~tactically~*~*~ (retreating).
 59304 | Vaults:5 | Reached skill level 25 in Fighting
 59347 | Vaults:5 | Identified the +1 robe "Ojyseun" {rN+ Int+7 Dex-3}
 59363 | Vaults:5 | 59363 ||| INVOKING Heroism.
 59364 | Vaults:5 | 59364 ||| INVOKING Finesse.
 59369 | Vaults:5 | Killed an ancient lich
 59377 | Vaults:5 | Received a gift from Okawaru
 59385 | Vaults:5 | Noticed a dread lich
 59389 | Vaults:5 | 59389 ||| RETREATING.
 59390 | Vaults:5 | Killed a dread lich
 59465 | Vaults:5 | Identified the +7 mace "Spiderslayer" {flame, rPois Stlth+}
 59466 | Vaults:5 | 59466 ||| INVOKING Heroism.
 59549 | Vaults:5 | 59549 ||| INVOKING Heroism.
 59597 | Vaults:5 | 59597 ||| INVOKING Heroism.
 59663 | Vaults:5 | 59663 ||| INVOKING Heroism.
 59664 | Vaults:5 | 59664 ||| RETREATING.
 59667 | Vaults:5 | 59667 ||| Stepping ~*~*~tactically~*~*~ (outnumbered).
 59673 | Vaults:5 | 59673 ||| Stepping ~*~*~tactically~*~*~ (retreating).
 59674 | Vaults:5 | 59674 ||| Stepping ~*~*~tactically~*~*~ (retreating).
 59675 | Vaults:5 | 59675 ||| Stepping ~*~*~tactically~*~*~ (retreating).
 59677 | Vaults:5 | Identified the +1 shortbow "Killer Bee's Foe" {freeze,
                  | +Blink}
 59680 | Vaults:5 | 59680 ||| RETREATING.
 59681 | Vaults:5 | 59681 ||| Stepping ~*~*~tactically~*~*~ (retreating).
 59736 | Vaults:5 | Identified the +1 cloak of Existentialism {rPois Int+3
                  | Dex+3}
 59743 | Vaults:5 | 59743 ||| READING scroll of enchant weapon.
 59743 | Vaults:5 | 59743 ||| ENCHANTING +3 triple crossbow.
 59789 | Vaults:5 | Identified the +3 great mace of Saczinyn {freeze, rPois
                  | rC+}
 59944 | Vaults:5 | 59944 ||| INVOKING Heroism.
 59955 | Vaults:5 | 59955 ||| Stepping ~*~*~tactically~*~*~ (outnumbered).
 60016 | Vaults:5 | Got a silver rune of Zot
 60053 | Vaults:5 | 60053 ||| READING scroll of enchant weapon.
 60053 | Vaults:5 | 60053 ||| ENCHANTING +4 triple crossbow.
 60097 | Vaults:5 | 60097 ||| INVOKING Heroism.
 60210 | Vaults:5 | Found the +10 zealot's sword {holy, Zealotry, *Rage rN+
                  | EV+3}
 60213 | Vaults:5 | Identified the +0 leather armour of Weightlessness {+Blink
                  | Will++ Dex+4}
 60238 | Vaults:5 | 60238 ||| PLANNING SHOPPING SPREE
 60238 | Vaults:5 | 60238 ||| UPGRADING to +1 hat of Imperfection {Dex+4}.
 60248 | Vaults:5 | 60248 ||| UPGRADING to +1 cloak of Existentialism {rPois
                  | Int+3 Dex+3}.
 60258 | Vaults:5 | 60258 ||| DROPPING +2 cloak of preservation.
 60259 | Vaults:5 | 60259 ||| DROPPING amulet of the acrobat.
 60260 | Vaults:5 | 60260 ||| DROPPING ring of see invisible.
 60261 | Vaults:5 | 60261 ||| PLANNING ZOT:1-4
 60477 | Zot:1    | Entered Level 1 of the Realm of Zot
 60485 | Zot:1    | 60485 ||| INVOKING Heroism.
 60491 | Zot:1    | Identified the +0 hat of Marbles {Dex+3 SInv} (Okawaru
                  | gifted it to you on level 1 of the Realm of Zot)
 60491 | Zot:1    | Received a gift from Okawaru
 60588 | Zot:1    | 60588 ||| RETREATING.
 60590 | Zot:1    | 60590 ||| Stepping ~*~*~tactically~*~*~ (retreating).
 60591 | Zot:1    | 60591 ||| Stepping ~*~*~tactically~*~*~ (retreating).
 60592 | Zot:1    | 60592 ||| Stepping ~*~*~tactically~*~*~ (retreating).
 60593 | Zot:1    | 60593 ||| Stepping ~*~*~tactically~*~*~ (retreating).
 60594 | Zot:1    | 60594 ||| Stepping ~*~*~tactically~*~*~ (retreating).
 60595 | Zot:1    | 60595 ||| Stepping ~*~*~tactically~*~*~ (retreating).
 60596 | Zot:1    | 60596 ||| Stepping ~*~*~tactically~*~*~ (retreating).
 60597 | Zot:1    | 60597 ||| INVOKING Heroism.
 60615 | Zot:1    | Reached XP level 25. HP: 178/181 MP: 30/30
 60642 | Zot:1    | 60642 ||| Stepping ~*~*~tactically~*~*~ (outnumbered).
 60650 | Zot:1    | 60650 ||| Stepping ~*~*~tactically~*~*~ (retreating).
 60651 | Zot:1    | 60651 ||| Stepping ~*~*~tactically~*~*~ (retreating).
 60652 | Zot:1    | 60652 ||| Stepping ~*~*~tactically~*~*~ (retreating).
 60653 | Zot:1    | 60653 ||| Stepping ~*~*~tactically~*~*~ (retreating).
 60654 | Zot:1    | 60654 ||| Stepping ~*~*~tactically~*~*~ (retreating).
 60655 | Zot:1    | 60655 ||| Stepping ~*~*~tactically~*~*~ (retreating).
 60657 | Zot:1    | 60657 ||| Stepping ~*~*~tactically~*~*~ (retreating).
 60658 | Zot:1    | 60658 ||| Stepping ~*~*~tactically~*~*~ (retreating).
 60659 | Zot:1    | 60659 ||| Stepping ~*~*~tactically~*~*~ (retreating).
 60906 | Zot:1    | Found a runed translucent gate.
 60907 | Zot:1    | Found a runed translucent gate.
 60907 | Zot:1    | Found a runed translucent gate.
 60908 | Zot:1    | Noticed qw's ghost (veteran GrFi)
 60908 | Zot:1    | Noticed qw's ghost (veteran GrFi)
 60909 | Zot:1    | Noticed qw's ghost (veteran GrFi)
 60909 | Zot:1    | Noticed Muataran's ghost (veteran MiMo)
 61038 | Zot:1    | 61038 ||| DROPPING +5 ring of evasion.
 61068 | Zot:2    | 61068 ||| INVOKING Heroism.
 61071 | Zot:2    | 61071 ||| RETREATING.
 61075 | Zot:2    | 61075 ||| STAIRDANCE
 61132 | Zot:2    | 61132 ||| Stepping ~*~*~tactically~*~*~ (retreating).
 61133 | Zot:2    | 61133 ||| RETREATING.
 61134 | Zot:2    | 61134 ||| INVOKING Heroism.
 61142 | Zot:2    | 61142 ||| Stepping ~*~*~tactically~*~*~ (retreating).
 61180 | Zot:2    | 61180 ||| INVOKING Heroism.
 61182 | Zot:2    | 61182 ||| Stepping ~*~*~tactically~*~*~ (retreating).
 61183 | Zot:2    | 61183 ||| Stepping ~*~*~tactically~*~*~ (retreating).
 61186 | Zot:2    | 61186 ||| Stepping ~*~*~tactically~*~*~ (retreating).
 61188 | Zot:2    | 61188 ||| Stepping ~*~*~tactically~*~*~ (retreating).
 61208 | Zot:2    | Reached skill level 21 in Dodging
 61214 | Zot:2    | 61214 ||| Stepping ~*~*~tactically~*~*~ (retreating).
 61228 | Zot:2    | 61228 ||| INVOKING Heroism.
 61244 | Zot:2    | 61244 ||| Stepping ~*~*~tactically~*~*~ (retreating).
 61253 | Zot:2    | 61253 ||| Stepping ~*~*~tactically~*~*~ (retreating).
 61254 | Zot:2    | 61254 ||| Stepping ~*~*~tactically~*~*~ (retreating).
 61256 | Zot:2    | 61256 ||| INVOKING Heroism.
 61270 | Zot:2    | HP: 45/181 [death cob (7)]
 61271 | Zot:2    | 61271 ||| READING 10 scrolls of teleportation.
 61272 | Zot:2    | 61272 ||| DRINKING 6 potions of heal wounds.
 61284 | Zot:2    | 61284 ||| INVOKING Heroism.
 61298 | Zot:2    | Received a gift from Okawaru
 61574 | Zot:2    | 61574 ||| INVOKING Heroism.
 61619 | Zot:2    | 61619 ||| INVOKING Heroism.
 61985 | Zot:2    | 61985 ||| FLEEEEING.
 61986 | Zot:2    | 61986 ||| FLEEEEING.
 62036 | Zot:2    | 62036 ||| INVOKING Heroism.
 62067 | Zot:2    | Received a gift from Okawaru
 62214 | Zot:2    | 62214 ||| INVOKING Heroism.
 62230 | Zot:2    | 62230 ||| DROPPING +2 pair of gloves.
 62314 | Zot:3    | 62314 ||| INVOKING Heroism.
 62335 | Zot:3    | 62335 ||| Stepping ~*~*~tactically~*~*~ (retreating).
 62336 | Zot:3    | 62336 ||| Stepping ~*~*~tactically~*~*~ (retreating).
 62337 | Zot:3    | 62337 ||| Stepping ~*~*~tactically~*~*~ (retreating).
 62338 | Zot:3    | 62338 ||| Stepping ~*~*~tactically~*~*~ (retreating).
 62367 | Zot:3    | Identified the +1 hat of the Moneychanger {rPois Regen+
                  | Stlth+} (Okawaru gifted it to you on level 3 of the Realm
                  | of Zot)
 62367 | Zot:3    | Received a gift from Okawaru
 62416 | Zot:3    | 62416 ||| ZAPPING wand of digging (11).
 62421 | Zot:3    | 62421 ||| Stepping ~*~*~tactically~*~*~ (retreating).
 62423 | Zot:3    | 62423 ||| RETREATING.
 62433 | Zot:3    | 62433 ||| Stepping ~*~*~tactically~*~*~ (retreating).
 62434 | Zot:3    | 62434 ||| Stepping ~*~*~tactically~*~*~ (retreating).
 62448 | Zot:3    | 62448 ||| Stepping ~*~*~tactically~*~*~ (retreating).
 62449 | Zot:3    | 62449 ||| Stepping ~*~*~tactically~*~*~ (retreating).
 62450 | Zot:3    | 62450 ||| Stepping ~*~*~tactically~*~*~ (retreating).
 62451 | Zot:3    | 62451 ||| Stepping ~*~*~tactically~*~*~ (retreating).
 62452 | Zot:3    | 62452 ||| Stepping ~*~*~tactically~*~*~ (retreating).
 62491 | Zot:3    | 62491 ||| ZAPPING wand of digging (10).
 62501 | Zot:3    | 62501 ||| RETREATING.
 62502 | Zot:3    | 62502 ||| Stepping ~*~*~tactically~*~*~ (retreating).
 62508 | Zot:3    | 62508 ||| Stepping ~*~*~tactically~*~*~ (retreating).
 62509 | Zot:3    | 62509 ||| Stepping ~*~*~tactically~*~*~ (retreating).
 62510 | Zot:3    | 62510 ||| Stepping ~*~*~tactically~*~*~ (retreating).
 62511 | Zot:3    | 62511 ||| Stepping ~*~*~tactically~*~*~ (retreating).
 62512 | Zot:3    | 62512 ||| Stepping ~*~*~tactically~*~*~ (retreating).
 62513 | Zot:3    | 62513 ||| Stepping ~*~*~tactically~*~*~ (retreating).
 62514 | Zot:3    | 62514 ||| Stepping ~*~*~tactically~*~*~ (retreating).
 62515 | Zot:3    | 62515 ||| INVOKING Heroism.
 62561 | Zot:3    | 62561 ||| INVOKING Heroism.
 62568 | Zot:3    | 62568 ||| RETREATING.
 62570 | Zot:3    | 62570 ||| Stepping ~*~*~tactically~*~*~ (retreating).
 62571 | Zot:3    | 62571 ||| Stepping ~*~*~tactically~*~*~ (retreating).
 62581 | Zot:3    | 62581 ||| ZAPPING wand of digging (9).
 62600 | Zot:3    | 62600 ||| ZAPPING wand of digging (8).
 62602 | Zot:3    | 62602 ||| ZAPPING wand of digging (7).
 62615 | Zot:3    | HP: 28/181 [purple draconian/bolt of dispelling energy[a
                  | black draconian knight] (25)]
 62616 | Zot:3    | 62616 ||| READING 11 scrolls of teleportation.
 62617 | Zot:3    | 62617 ||| DRINKING 5 potions of heal wounds.
 62618 | Zot:3    | 62618 ||| DRINKING 4 potions of heal wounds.
 62622 | Zot:3    | HP: 40/181 [black draconian knight/+0 halberd (13)]
 62623 | Zot:3    | 62623 ||| DRINKING 3 potions of heal wounds.
 62765 | Zot:3    | 62765 ||| Stepping ~*~*~tactically~*~*~ (retreating).
 62766 | Zot:3    | 62766 ||| Stepping ~*~*~tactically~*~*~ (retreating).
 62767 | Zot:3    | 62767 ||| Stepping ~*~*~tactically~*~*~ (retreating).
 62768 | Zot:3    | 62768 ||| Stepping ~*~*~tactically~*~*~ (retreating).
 62769 | Zot:3    | 62769 ||| Stepping ~*~*~tactically~*~*~ (retreating).
 62782 | Zot:3    | 62782 ||| INVOKING Heroism.
 62860 | Zot:3    | 62860 ||| ZAPPING wand of digging (6).
 62888 | Zot:3    | 62888 ||| ZAPPING wand of digging (5).
 62892 | Zot:3    | 62892 ||| RETREATING.
 63028 | Zot:3    | 63028 ||| Stepping ~*~*~tactically~*~*~ (outnumbered).
 63033 | Zot:3    | 63033 ||| Stepping ~*~*~tactically~*~*~ (retreating).
 63279 | Zot:3    | 63279 ||| DROPPING +1 hat of the Moneychanger {rPois Regen+
                  | Stlth+}.
 63280 | Zot:3    | 63280 ||| DROPPING scarf of harm.
 63590 | Zot:4    | 63590 ||| INVOKING Heroism.
 63591 | Zot:4    | 63591 ||| RETREATING.
 63608 | Zot:4    | 63608 ||| Stepping ~*~*~tactically~*~*~ (retreating).
 63609 | Zot:4    | 63609 ||| Stepping ~*~*~tactically~*~*~ (retreating).
 63610 | Zot:4    | 63610 ||| Stepping ~*~*~tactically~*~*~ (retreating).
 63746 | Zot:4    | 63746 ||| Stepping ~*~*~tactically~*~*~ (outnumbered).
 63750 | Zot:4    | Reached XP level 26. HP: 188/188 MP: 30/30
 63808 | Zot:4    | Identified the +2 robe "Buosuynk" {*Corrode Str+4 Dex+4}
 63966 | Zot:4    | 63966 ||| RETREATING.
 63972 | Zot:4    | 63972 ||| INVOKING Heroism.
 63974 | Zot:4    | 63974 ||| Stepping ~*~*~tactically~*~*~ (outnumbered).
 63976 | Zot:4    | 63976 ||| Stepping ~*~*~tactically~*~*~ (outnumbered).
 63978 | Zot:4    | 63978 ||| Stepping ~*~*~tactically~*~*~ (outnumbered).
 63991 | Zot:4    | 63991 ||| INVOKING Heroism.
 64094 | Zot:4    | Identified the +2 robe of Midwinter {rCorr Dex+2} (Okawaru
                  | gifted it to you on level 4 of the Realm of Zot)
 64094 | Zot:4    | Received a gift from Okawaru
 64118 | Zot:4    | 64118 ||| PLANNING ORB
 64123 | Zot:5    | Entered Level 5 of the Realm of Zot
 64179 | Zot:5    | Noticed a Killer Klown
 64180 | Zot:5    | 64180 ||| INVOKING Heroism.
 64181 | Zot:5    | 64181 ||| INVOKING Finesse.
 64187 | Zot:5    | Killed a Killer Klown
 64217 | Zot:5    | 64217 ||| Stepping ~*~*~tactically~*~*~ (retreating).
 64218 | Zot:5    | 64218 ||| Stepping ~*~*~tactically~*~*~ (retreating).
 64219 | Zot:5    | 64219 ||| Stepping ~*~*~tactically~*~*~ (retreating).
 64220 | Zot:5    | 64220 ||| Stepping ~*~*~tactically~*~*~ (retreating).
 64221 | Zot:5    | 64221 ||| Stepping ~*~*~tactically~*~*~ (retreating).
 64222 | Zot:5    | 64222 ||| Stepping ~*~*~tactically~*~*~ (retreating).
 64223 | Zot:5    | 64223 ||| Stepping ~*~*~tactically~*~*~ (retreating).
 64224 | Zot:5    | 64224 ||| Stepping ~*~*~tactically~*~*~ (retreating).
 64225 | Zot:5    | 64225 ||| Stepping ~*~*~tactically~*~*~ (retreating).
 64226 | Zot:5    | 64226 ||| Stepping ~*~*~tactically~*~*~ (retreating).
 64232 | Zot:5    | Reached skill level 26 in Fighting
 64242 | Zot:5    | 64242 ||| INVOKING Heroism.
 64305 | Zot:5    | 64305 ||| RETREATING.
 64309 | Zot:5    | 64309 ||| Stepping ~*~*~tactically~*~*~ (retreating).
 64310 | Zot:5    | 64310 ||| Stepping ~*~*~tactically~*~*~ (retreating).
 64311 | Zot:5    | 64311 ||| Stepping ~*~*~tactically~*~*~ (retreating).
 64312 | Zot:5    | 64312 ||| Stepping ~*~*~tactically~*~*~ (retreating).
 64315 | Zot:5    | Noticed an orb of fire
 64316 | Zot:5    | 64316 ||| DRINKING 7 potions of resistance.
 64316 | Zot:5    | Noticed an orb of fire
 64317 | Zot:5    | 64317 ||| INVOKING Heroism.
 64317 | Zot:5    | Noticed an orb of fire
 64318 | Zot:5    | 64318 ||| INVOKING Finesse.
 64320 | Zot:5    | Noticed a Killer Klown
 64321 | Zot:5    | Noticed a Killer Klown
 64324 | Zot:5    | Noticed an orb of fire
 64326 | Zot:5    | Noticed a Killer Klown
 64326 | Zot:5    | Noticed a Killer Klown
 64328 | Zot:5    | Noticed a Killer Klown
 64329 | Zot:5    | Killed an orb of fire
 64330 | Zot:5    | Noticed a Killer Klown
 64333 | Zot:5    | Noticed a Killer Klown
 64335 | Zot:5    | Killed an orb of fire
 64335 | Zot:5    | Noticed a Killer Klown
 64336 | Zot:5    | Reached skill level 18 in Armour
 64341 | Zot:5    | Killed an orb of fire
 64363 | Zot:5    | Killed a Killer Klown
 64364 | Zot:5    | Gained mutation: You are clumsy. (Dex -2) [an orb of fire]
 64371 | Zot:5    | HP: 40/191 [orb of fire/bolt of fire (28)]
 64372 | Zot:5    | 64372 ||| READING 11 scrolls of teleportation.
 64373 | Zot:5    | 64373 ||| DRINKING 3 potions of heal wounds.
 64377 | Zot:5    | Killed an orb of fire
 64484 | Zot:5    | 64484 ||| INVOKING Heroism.
 64485 | Zot:5    | 64485 ||| INVOKING Finesse.
 64495 | Zot:5    | Killed a Killer Klown
 64592 | Zot:5    | 64592 ||| INVOKING Heroism.
 64603 | Zot:5    | Killed a Killer Klown
 64604 | Zot:5    | 64604 ||| INVOKING Finesse.
 64620 | Zot:5    | 64620 ||| RETREATING.
 64622 | Zot:5    | 64622 ||| Stepping ~*~*~tactically~*~*~ (retreating).
 64625 | Zot:5    | Killed a Killer Klown
 64631 | Zot:5    | Killed a Killer Klown
 64748 | Zot:5    | 64748 ||| FLEEEEING.
 64749 | Zot:5    | 64749 ||| FLEEEEING.
 64750 | Zot:5    | 64750 ||| FLEEEEING.
 64751 | Zot:5    | 64751 ||| FLEEEEING.
 64752 | Zot:5    | 64752 ||| FLEEEEING.
 64753 | Zot:5    | 64753 ||| FLEEEEING.
 64754 | Zot:5    | 64754 ||| FLEEEEING.
 64755 | Zot:5    | 64755 ||| FLEEEEING.
 64783 | Zot:5    | 64783 ||| RETREATING.
 64813 | Zot:5    | 64813 ||| RETREATING.
 64910 | Zot:5    | 64910 ||| RETREATING.
 64912 | Zot:5    | 64912 ||| RETREATING.
 64913 | Zot:5    | 64913 ||| INVOKING Heroism.
 64920 | Zot:5    | 64920 ||| INVOKING Finesse.
 64924 | Zot:5    | Killed a Killer Klown
 64934 | Zot:5    | Killed a Killer Klown
 64943 | Zot:5    | Reached skill level 27 in Fighting
 64957 | Zot:5    | Identified the +0 scale mail of the Disturbing Knives
                  | {rElec rPois rC- Regen+} (Okawaru gifted it to you on level
                  | 5 of the Realm of Zot)
 64957 | Zot:5    | Received a gift from Okawaru
 64972 | Zot:5    | 64972 ||| Stepping ~*~*~tactically~*~*~ (outnumbered).
 65000 | Zot:5    | 65000 ||| INVOKING Heroism.
 65011 | Zot:5    | 65011 ||| Stepping ~*~*~tactically~*~*~ (outnumbered).
 65012 | Zot:5    | 65012 ||| Stepping ~*~*~tactically~*~*~ (retreating).
 65013 | Zot:5    | 65013 ||| Stepping ~*~*~tactically~*~*~ (retreating).
 65014 | Zot:5    | 65014 ||| Stepping ~*~*~tactically~*~*~ (retreating).
 65015 | Zot:5    | 65015 ||| Stepping ~*~*~tactically~*~*~ (retreating).
 65016 | Zot:5    | 65016 ||| Stepping ~*~*~tactically~*~*~ (retreating).
 65017 | Zot:5    | 65017 ||| Stepping ~*~*~tactically~*~*~ (retreating).
 65018 | Zot:5    | 65018 ||| Stepping ~*~*~tactically~*~*~ (retreating).
 65019 | Zot:5    | 65019 ||| Stepping ~*~*~tactically~*~*~ (retreating).
 65020 | Zot:5    | 65020 ||| Stepping ~*~*~tactically~*~*~ (retreating).
 65021 | Zot:5    | 65021 ||| RETREATING.
 65022 | Zot:5    | 65022 ||| Stepping ~*~*~tactically~*~*~ (retreating).
 65023 | Zot:5    | 65023 ||| INVOKING Finesse.
 65036 | Zot:5    | HP: 15/193 [Orb Guardian (48)]
 65037 | Zot:5    | 65037 ||| READING 10 scrolls of teleportation.
 65038 | Zot:5    | 65038 ||| DRINKING 2 potions of heal wounds.
 65039 | Zot:5    | 65039 ||| DRINKING potion of heal wounds.
 65041 | Zot:5    | Demolished by an Orb Guardian

Levels and vault maps discovered:
D:1:      onia_arrival_pentagram, layout_loops_corners
D:2:      minmay_razor_zed, layout_rooms, hex_intersection
D:3:      layout_loops_corners
D:4:      layout_basic, makhleb_heckhound_becter, nzn_wu_jian_contemplation,
          serial_bayou_crossing
D:5:      layout_loops_ring, minmay_temple_entry_sparse_star,
          gammafunk_ghost_stat_death
D:6:      layout_gridville, lemuel_tele_altar, mainiacjoe_overflow_brackets,
          portal_sewer_entry_f, hangedman_decor_points
D:7:      layout_rooms, nicolae_gozag_cash_rules_everything_around_me,
          kennysheep_mini_moat, uniq_duvessa, uniq_prince_ribbit1
D:8:      layout_gridville, mainiacjoe_overflow_catwalk, dpeg_lair_monsters,
          minmay_liquid_box
D:9:      layout_roguey, minivault_11, kennysheep_flooded_box
D:10:     cheibrodos_elevator_heist, layout_basic,
          worldfamousw_hep_ancestral_shrine
D:11:     layout_roguey, kiku_gazebo_garden_becter
D:12:     layout_basic, erik_orc_1
D:13:     minmay_the_grid_triangle_9x9_recursive_2_mashed
          [minmay_the_grid_triangle_9x9_prize_special,
          minmay_the_grid_triangle_9x9_impossible_snake,
          minmay_the_grid_triangle_9x9_tough_junction,
          minmay_the_grid_triangle_9x9_pentomino_pain], layout_cave_pools,
          nicolae_shop_national_dungeon_mall, uniq_lodul
D:14:     layout_basic, hellmonk_vaults_order_and_chaos,
          ebering_dispersal_statue_hall
D:15:     gammafunk_depths_entry_grave, layout_gridville,
          grunt_decor_resistance, uniq_rupert
Temple:   eino_temple_water
Lair:1:   layout_regular_city, cheibrodos_lair_caveside_slide,
          grunt_megastairs_3
Lair:2:   layout_cave_pods, minmay_swamp_entry_reptiles,
          nicolae_snake_entry_warm_welcome, lemuel_fruit_fields
Lair:3:   layout_cave_pods, st_stairs_5, roderic_carrion_pond
Lair:4:   layout_small_grid, nicolae_slime_entry_slimehenge,
          ebering_ghost_disaster_area, hangedman_lair_generics_rect
Lair:5:   hangedman_lair_in_review, layout_hall_layers,
          guppyfry_lair_end_dragon, st_stairs_5, infiniplex_staircase_pool
Swamp:1:  layout_falls_marsh, evilmike_swamp_ruin_house_4, swamp_pool5
Swamp:2:  layout_basic_swamp, ebering_ghost_reflecting_pool,
          evilmike_swamp_ruin_house_2, uniq_aizul
Swamp:3:  layout_basic_swamp, serial_swamp_ruin, evilmike_swamp_ruin_rubble_1,
          evilmike_swamp_ruin_house_1, evilmike_swamp_ruin_house_6
Swamp:4:  swamp_basic_johnstein, layout_basic_swamp, nicolae_swamp_treefoil
Snake:1:  layout_onion, serial_bayou_pond_c, nicolae_snake_serpentine_bazaar
Snake:2:  layout_basic, serial_shops, shop, minmay_shoptagon
Snake:3:  layout_chambers, hangedman_snake_pattern, grunt_ministairs_5
Snake:4:  snake_pit_salamanders_mu, layout_chambers, guppyfry_library_mini
Orc:1:    layout_diamond_mine, special_room [special_room_orc], serial_shops,
          nicolae_shop_bloodbath_and_beyond
Orc:2:    st_orc_mages, layout_diamond_mine, gauntlet_entry_generic,
          ebering_ghost_inner_flame, minmay_orc_temple_b, uniq_donald
Vaults:1: nicolae_vaults_network_square, hangedman_vaults_variations,
          vaults_room_octagon, nicolae_vaults_murder_corner,
          hangedman_vaults_cutoff, nicolae_vaults_three_branches,
          hangedman_vaults_maws, hangedman_vaults_cutoff,
          layout_vaults_big_room, serial_shops, shop
Vaults:2: ontoclasm_vaults_misaligned, nicolae_vaults_diamond_1,
          hangedman_vaults_river_flow, v_misc_33, hangedman_vaults_nails,
          nicolae_vaults_little_ls, hangedman_vaults_corner_blocks, v_misc_19,
          vaults_mumra_chevron, grunt_vaults_trifunnel,
          nicolae_vaults_trapezoid_lopsided_3, nicolae_vaults_layer_cake_slice,
          nicolae_vaults_frosty_reception, vaults_mumra_hexcomb,
          nicolae_vaults_tetromino_T_2, layout_vaults_ring
Vaults:3: nicolae_vaults_closet_pinwheel_1, nicolae_vaults_ring_of_whatevers,
          vaults_room_fours, nicolae_vaults_ring_of_whatevers, v_alt_pattern_6,
          nicolae_vaults_diamond_1, nicolae_vaults_double_plus_2,
          nicolae_vaults_mini_display_case, layout_vaults_quadrants,
          minmay_crypt_entry_simple_box, uniq_bai_suzhen
Vaults:4: gammafunk_ghost_wrathful_warriors, vaults_room_large_hall, v_rooms_6,
          nicolae_vaults_door_testing_chamber, nicolae_vaults_alarming,
          nicolae_vaults_mitosis, ontoclasm_vaults_decontamination,
          nicolae_vaults_trapezoid_1, hangedman_vaults_restitches,
          nicolae_vaults_little_squares_6, nicolae_vaults_more_shelving_1,
          nicolae_vaults_rhombus_7, vaults_room_grid, vaults_room_pools,
          layout_vaults_omnicross, serial_shops, bzr_firewalk, uniq_jory
Vaults:5: uniq_xtahua
Depths:1: layout_honeycomb, enter_ziggurat_a, pf_coc_iceberg,
          good_gods_mini_temple, minmay_misc_feat_doors,
          hangedman_abyss_or_decor_passed, kennysheep_generic_room_2
Depths:2: minmay_split_circle, layout_gridlike, hangedman_abyss_entry_splay,
          roderic_lattice_a, pan_entry, grunt_mini_vestibule
Depths:3: kennysheep_treasure_stockpile, layout_cave_pools, abyss_entry,
          pf_vacation_house_of_asmodeus, serial_glass, glass_columns_b,
          glass_columns_c, hangedman_decor_peaks_small,
          kennysheep_generic_room_10, uniq_grunn, uniq_vv
Depths:4: grunt_zot_entry_funnels, layout_cave_pools, rand_demon_pan_entry_5,
          hell_entry, chequers_serial_rivers_micro_b, uniq_enchantress,
          uniq_frederick, uniq_parghit
Zot:1:    layout_misc_corridors, gammafunk_ghost_cemetery, skrybe_zot_glass_2
Zot:2:    gammafunk_mikee_crab_dinner, layout_basic
Zot:3:    lemuel_draconian_sentries_small, layout_misc_corridors,
          amethyst_zot_foddershock
Zot:4:    layout_cellular_growth
Zot:5:    layout_gridlike

Skill      XL: |  1  2  3  4  5  6  7  8  9 10 11 12 13 14 15 16 17 18 19 20 21 22 23 24 25 26 |
---------------+-------------------------------------------------------------------------------+-----
Armour         | 1 2 3 4 6 7 8 9 10 11 12 13 15 16 17 18 | 18.5
Ranged Weapons | 5 6 7 8 9 11 12 13 15 17 18 20 21 22 | 22.0
Fighting       | 3 4 6 7 8 9 10 11 12 13 15 17 19 20 22 24 25 27 | 27.0
Dodging        | 2 4 5 6 8 10 12 13 14 16 17 18 20 22 | 22.0
Invocations    | 4 6 9 10 11 | 11.5
Stealth        | |  1.1

Action                     |  1- 3 |  4- 6 |  7- 9 | 10-12 | 13-15 | 16-18 | 19-21 | 22-24 | 25-27 || total
---------------------------+-------+-------+-------+-------+-------+-------+-------+-------+-------++-------
   Fire: Shortbow          |    95 |   170 |    27 |       |       |       |       |       |       ||   292
         Orcbow            |       |       |   271 |   668 |       |       |       |       |       ||   939
         Arbalest          |       |       |       |       |   453 |       |       |       |       ||   453
         Longbow           |       |       |       |       |   541 |  1206 |  1127 |       |       ||  2874
         Triple crossbow   |       |       |       |       |       |       |   169 |   830 |   794 ||  1793
 Invoke: Heroism           |       |       |     7 |    28 |    28 |    29 |    20 |    31 |    24 ||   167
         Finesse           |       |       |       |     1 |     8 |     6 |    13 |     4 |     6 ||    38
  Evoke: Wand              |       |       |       |       |       |       |       |       |     7 ||     7
    Use: Scroll            |       |     5 |     5 |    10 |    15 |       |     5 |     4 |     4 ||    48
         Potion            |       |     2 |     2 |     2 |     8 |     2 |     1 |     7 |     8 ||    32
 Armour: Leather armour    |     6 |       |       |       |       |       |       |       |       ||     6
         Ring mail         |    11 |    62 |    90 |   119 |   356 |   202 |   174 |   143 |       ||  1157
         Acid dragon scale |       |       |       |       |       |       |       |   176 |   258 ||   434
  Dodge: Dodged            |    33 |    57 |   119 |   188 |   645 |   604 |   997 |  1468 |  1715 ||  5826

Table legend:
 A = Non-vault XP
 B = Vault XP
 C = Vault XP percentage of total XP
 D = Non-vault monster count
 E = Vault monster count
 F = Vault count percentage of total count
                 A         B        C        D         E       F
            +---------+---------+-------+---------+---------+-------
      Total |  636811 |  474822 |  42.7 |    1204 |     644 |  34.8
            +---------+---------+-------+---------+---------+-------
        D:1 |      34 |       0 |   0.0 |      23 |       0 |   0.0
        D:2 |      47 |      28 |  37.3 |      12 |      15 |  55.6
        D:3 |      64 |       0 |   0.0 |      16 |       0 |   0.0
        D:4 |     375 |      40 |   9.6 |      27 |       1 |   3.6
        D:5 |     734 |       0 |   0.0 |      10 |       0 |   0.0
        D:6 |    1640 |     296 |  15.3 |      33 |       6 |  15.4
        D:7 |     684 |     222 |  24.5 |      15 |       2 |  11.8
        D:8 |    3666 |    2522 |  40.8 |      25 |      11 |  30.6
        D:9 |    1993 |       0 |   0.0 |      18 |       0 |   0.0
       D:10 |    7438 |    2787 |  27.3 |      28 |       6 |  17.6
       D:11 |    2595 |       0 |   0.0 |      14 |       0 |   0.0
       D:12 |    3663 |     587 |  13.8 |      20 |      17 |  45.9
       D:13 |    9756 |    9315 |  48.8 |      21 |      20 |  48.8
       D:14 |    6026 |    1740 |  22.4 |      14 |       2 |  12.5
       D:15 |    8544 |    5359 |  38.5 |      14 |       9 |  39.1
     Lair:1 |    3460 |    1914 |  35.6 |      15 |       8 |  34.8
     Lair:2 |    7686 |    1333 |  14.8 |      29 |       8 |  21.6
     Lair:3 |    2911 |     821 |  22.0 |       7 |       9 |  56.2
     Lair:4 |   13234 |    3565 |  21.2 |      40 |      14 |  25.9
     Lair:5 |   10488 |   15154 |  59.1 |      35 |      36 |  50.7
    Swamp:1 |   10080 |       0 |   0.0 |      24 |       0 |   0.0
    Swamp:2 |   13564 |    1412 |   9.4 |      24 |       1 |   4.0
    Swamp:3 |   13275 |       0 |   0.0 |      26 |       0 |   0.0
    Swamp:4 |   11936 |   20454 |  63.1 |      22 |      30 |  57.7
    Snake:1 |   15458 |       0 |   0.0 |      30 |       0 |   0.0
    Snake:2 |   10086 |       0 |   0.0 |      23 |       0 |   0.0
    Snake:3 |   31225 |     942 |   2.9 |      63 |       2 |   3.1
    Snake:4 |   11491 |   34277 |  74.9 |      24 |      54 |  69.2
      Orc:1 |    2609 |    2456 |  48.5 |      40 |      16 |  28.6
      Orc:2 |    3611 |    8366 |  69.9 |      28 |      53 |  65.4
   Vaults:1 |   28375 |   21510 |  43.1 |      42 |      27 |  39.1
   Vaults:2 |   12042 |   17884 |  59.8 |      28 |      29 |  50.9
   Vaults:3 |   43145 |   15382 |  26.3 |      61 |      17 |  21.8
   Vaults:4 |   20621 |   35949 |  63.5 |      28 |      43 |  60.6
   Vaults:5 |   25376 |   89906 |  78.0 |      33 |      71 |  68.3
   Depths:1 |   31469 |     931 |   2.9 |      38 |       1 |   2.6
   Depths:2 |   44651 |   13926 |  23.8 |      54 |      17 |  23.9
   Depths:3 |   22546 |   22189 |  49.6 |      28 |      17 |  37.8
   Depths:4 |   18016 |   30359 |  62.8 |      18 |      29 |  61.7
      Zot:1 |   37035 |       0 |   0.0 |      29 |       0 |   0.0
      Zot:2 |   42731 |   17357 |  28.9 |      41 |      14 |  25.5
      Zot:3 |   38001 |   11491 |  23.2 |      35 |       9 |  20.5
      Zot:4 |   27280 |       0 |   0.0 |      25 |       0 |   0.0
      Zot:5 |   37150 |   76375 |  67.3 |      24 |      34 |  58.6
   Gauntlet |       0 |    7973 | 100.0 |       0 |      16 | 100.0
            +---------+---------+-------+---------+---------+-------
